Workbook
Name ___sub1: #REF!
Name ___sub2: #REF!
Name ___sub3: #REF!
Name _sub1: #REF!
Name _sub2: #REF!
Name _sub3: #REF!
Name a: #REF!
Name AREA: #REF!
Name B: #REF!
Name BDI: #REF!
Name CCCC: #REF!
Name DOLAR: [2]INSUMOS!$G$8
Name ersdcefgbrnghrbgbrgfbgfwbvbfgvwfv: #REF!
Name Excel_BuiltIn_Print_Area_2: #REF!
Name Excel_BuiltIn_Print_Area_2_1: #REF!
Name Excel_BuiltIn_Print_Area_2_1_1: #REF!
Name Excel_BuiltIn_Print_Area_2_1_1_1: #REF!
Name Excel_BuiltIn_Print_Area_4: #REF!
Name FIM: #REF!
Name IGUAÇU: #REF!
Name leosde: #REF!
Name MAYSA: #REF!
Name MM: #REF!
Name NCOMPOSICOES: 7
Name NCOTACOES: 15
Name obra: #REF!
Name obra1: #REF!
Name obra2: #REF!
Name obra3: #REF!
Name obra4: #REF!
Name obra5: #REF!
Name over: #REF!
Name P.1: #REF!
Name P.10: #REF!
Name P.11: #REF!
Name P.12: #REF!
Name P.13: #REF!
Name P.14: #REF!
Name P.15: #REF!
Name P.2: #REF!
Name P.3: #REF!
Name P.4: #REF!
Name P.5: #REF!
Name P.6: #REF!
Name P.7: #REF!
Name P.8: #REF!
Name P.9: #REF!
Name Pedreiro_de_acabamento: [2]INSUMOS!$B$11
Name PMI: #REF!
Name PP1.1: #REF!
Name PP1.10: #REF!
Name PP1.11: #REF!
Name PP1.12: #REF!
Name PP1.13: #REF!
Name PP1.14: #REF!
Name PP1.15: #REF!
Name PP1.2: #REF!
Name PP1.3: #REF!
Name PP1.4: #REF!
Name PP1.5: #REF!

Sheet Planilha Orçamentária
A2: PLANILHA ORÇAMENTÁRIA DE CUSTOS
A3: PREFEITURA MUNICIPAL DE JABOTICATUBAS
A4: OBRA: CALÇAMENTO EM PAVIMENTO INTERTRAVADO | F4: DATA: | J4: =TODAY() -> 46056
A5: LOCAL: RUA ARARA DA SERRA - DISTRITO DE SÃO JOSÉ DA SERRA, R. PEDRO MARQUES DE MORAIS - BAIRRO SANTO ANTÔNIO E ALAMEDA DOS AÇAÍS - BOSQUE DOS COQUEIROS
A6: REGIÃO/MÊS DE REFERÊNCIA: SICOR-SEINFRA-CENTRAL-JULHO DE 2025; SICRO/MG - JULHO DE 2025; SINAPI/MG - SETEMBRO DE 2025 - SEM DESONERAÇÃO; | F6: % ISS MUNICIPAL: | G6: ( ) | I6: DIRETA | J6: ( X ) | K6: INDIRETA
A7: *DEMONSTRATIVO DE BDI EXTRAÍDO DA TABELA DE REFERÊNCIA (SEINFRA/DER-MG - JULHO DE 2025) - PÁG. 16 | F7: 0.04 | G7: BDI: | I7: =IF(F7=2%,'BDI-SEM DESONERAÇÃO'!C24,IF(F7=3%,'BDI-SEM DESONERAÇÃO'!D24,IF(F7=4%,'BDI-SEM DESONERAÇÃO'!E24,IF(F7=5%,'BDI-SEM DESONERAÇÃO'!F24)))) -> 0.2356 | J7: BDI DIFERENCIADO (MAT.): | K7: -
A9: ITEM | B9: FONTE | C9: CÓDIGO | D9: DESCRIÇÃO | E9: UNIDADE | F9: QUANTIDADE | G9: PREÇO UNITÁRIO S/ BDI | H9: PREÇO TOTAL S/ BDI | I9: BDI APLICADO | J9: PREÇO UNITÁRIO C/ BDI | K9: PREÇO TOTAL
A10: 1.0 | D10: SERVIÇOS PRELIMINARES | H10: =ROUND(SUM(H11:H15),2) -> 21951.96 | K10: =ROUND(SUM(K11:K15),2) -> 27123.82
A11: 1.1 | B11: SICOR-SEINFRA | C11: ED-28427 | D11: =IFERROR(VLOOKUP($C11,SICOR_JULHO2025[],2,FALSE),IFERROR(VLOOKUP($C11,SICRO_JULHO2025[],2,FALSE),IFERROR(VLOOKUP($C11,SINAPI_SERV_SET2025[],2,FALSE),IFERROR(VLOOKUP($C11,SINAPI_INSUMOS_SET2025[],2,FALSE),IFERROR(VLOOKUP($C11,SUDECAP_SERVICOS_JUL2025[],2,FALSE),IFERROR(VLOOKUP($C11,SUDECAP_INSUMOS_JUL2025[],2,FALSE),"NÃO ENCONTRADO")))))) -> FORNECIMENTO E COLOCAÇÃO DE PLACA DE OBRA EM CHAPA GALVANIZADA #26, ESP. 0,45MM, DIMENSÃO (3X1,5)M, PLOTADA COM ADESIVO VINÍLICO, AFIXADA COM REBITES 4,8X40MM, EM ESTRUTURA METÁLICA DE METALON 20X20MM, ESP. 1,25MM, INCLUSIVE SUPORTE EM EUCALIPTO AUTOCLAVADO PINTADO COM TINTA PVA DUAS (2) DEMÃOS | E11: =IFERROR(VLOOKUP($C11,SICOR_JULHO2025[],3,FALSE),IFERROR(VLOOKUP($C11,SICRO_JULHO2025[],3,FALSE),IFERROR(VLOOKUP($C11,SINAPI_SERV_SET2025[],3,FALSE),IFERROR(VLOOKUP($C11,SINAPI_INSUMOS_SET2025[],3,FALSE),IFERROR(VLOOKUP($C11,SUDECAP_SERVICOS_JUL2025[],3,FALSE),IFERROR(VLOOKUP($C11,SUDECAP_INSUMOS_JUL2025[],3,FALSE),"NÃO ENCONTRADO")))))) -> UN | F11: ='Memória de Cálculo'!F9 -> 3 | G11: =IFERROR(VLOOKUP($C11,SICOR_JULHO2025[],4,FALSE),IFERROR(VLOOKUP($C11,SICRO_JULHO2025[],4,FALSE),IFERROR(VLOOKUP($C11,SINAPI_SERV_SET2025[],4,FALSE),IFERROR(VLOOKUP($C11,SINAPI_INSUMOS_SET2025[],4,FALSE),IFERROR(VLOOKUP($C11,SUDECAP_SERVICOS_JUL2025[],4,FALSE),IFERROR(VLOOKUP($C11,SUDECAP_INSUMOS_JUL2025[],4,FALSE),"NÃO ENCONTRADO")))))) -> 1156.55 | H11: =ROUND(F11*G11,2) -> 3469.65 | I11: =$I$7 -> 0.2356 | J11: =ROUND(G11+(G11*I11),2) -> 1429.03 | K11: =ROUND(F11*J11,2) -> 4287.09
A12: 1.2 | B12: SICOR-SEINFRA | C12: ED-50137 | D12: =IFERROR(VLOOKUP($C12,SICOR_JULHO2025[],2,FALSE),IFERROR(VLOOKUP($C12,SICRO_JULHO2025[],2,FALSE),IFERROR(VLOOKUP($C12,SINAPI_SERV_SET2025[],2,FALSE),IFERROR(VLOOKUP($C12,SINAPI_INSUMOS_SET2025[],2,FALSE),IFERROR(VLOOKUP($C12,SUDECAP_SERVICOS_JUL2025[],2,FALSE),IFERROR(VLOOKUP($C12,SUDECAP_INSUMOS_JUL2025[],2,FALSE),"NÃO ENCONTRADO")))))) -> MOBILIZAÇÃO E DESMOBILIZAÇÃO DE CONTAINER, INCLUSIVE CARGA, DESCARGA E TRANSPORTE EM CAMINHÃO CARROCERIA COM GUINDAUTO (MUNCK), EXCLUSIVE LOCAÇÃO DO CONTAINER | E12: =IFERROR(VLOOKUP($C12,SICOR_JULHO2025[],3,FALSE),IFERROR(VLOOKUP($C12,SICRO_JULHO2025[],3,FALSE),IFERROR(VLOOKUP($C12,SINAPI_SERV_SET2025[],3,FALSE),IFERROR(VLOOKUP($C12,SINAPI_INSUMOS_SET2025[],3,FALSE),IFERROR(VLOOKUP($C12,SUDECAP_SERVICOS_JUL2025[],3,FALSE),IFERROR(VLOOKUP($C12,SUDECAP_INSUMOS_JUL2025[],3,FALSE),"NÃO ENCONTRADO")))))) -> UN | F12: ='Memória de Cálculo'!F10 -> 3 | G12: =IFERROR(VLOOKUP($C12,SICOR_JULHO2025[],4,FALSE),IFERROR(VLOOKUP($C12,SICRO_JULHO2025[],4,FALSE),IFERROR(VLOOKUP($C12,SINAPI_SERV_SET2025[],4,FALSE),IFERROR(VLOOKUP($C12,SINAPI_INSUMOS_SET2025[],4,FALSE),IFERROR(VLOOKUP($C12,SUDECAP_SERVICOS_JUL2025[],4,FALSE),IFERROR(VLOOKUP($C12,SUDECAP_INSUMOS_JUL2025[],4,FALSE),"NÃO ENCONTRADO")))))) -> 1671.8 | H12: =ROUND(F12*G12,2) -> 5015.4 | I12: =$I$7 -> 0.2356 | J12: =ROUND(G12+(G12*I12),2) -> 2065.68 | K12: =ROUND(F12*J12,2) -> 6197.04
A13: 1.3 | B13: SICOR-SEINFRA | C13: ED-16350 | D13: =IFERROR(VLOOKUP($C13,SICOR_JULHO2025[],2,FALSE),IFERROR(VLOOKUP($C13,SICRO_JULHO2025[],2,FALSE),IFERROR(VLOOKUP($C13,SINAPI_SERV_SET2025[],2,FALSE),IFERROR(VLOOKUP($C13,SINAPI_INSUMOS_SET2025[],2,FALSE),IFERROR(VLOOKUP($C13,SUDECAP_SERVICOS_JUL2025[],2,FALSE),IFERROR(VLOOKUP($C13,SUDECAP_INSUMOS_JUL2025[],2,FALSE),"NÃO ENCONTRADO")))))) -> LOCAÇÃO DE CONTAINER COM ISOLAMENTO TÉRMICO, TIPO 3, PARA DEPÓSITO/FERRAMENTARIA DE OBRA, COM MEDIDAS REFERENCIAIS DE (6) METROS COMPRIMENTO, (2,3) METROS LARGURA E (2,5) METROS ALTURA ÚTIL INTERNA, INCLUSIVE LIGAÇÕES ELÉTRICAS INTERNAS, EXCLUSIVE MOBILIZAÇÃO/DESMOBILIZAÇÃO E LIGAÇÕES PROVISÓRIAS EXTERNAS | E13: =IFERROR(VLOOKUP($C13,SICOR_JULHO2025[],3,FALSE),IFERROR(VLOOKUP($C13,SICRO_JULHO2025[],3,FALSE),IFERROR(VLOOKUP($C13,SINAPI_SERV_SET2025[],3,FALSE),IFERROR(VLOOKUP($C13,SINAPI_INSUMOS_SET2025[],3,FALSE),IFERROR(VLOOKUP($C13,SUDECAP_SERVICOS_JUL2025[],3,FALSE),IFERROR(VLOOKUP($C13,SUDECAP_INSUMOS_JUL2025[],3,FALSE),"NÃO ENCONTRADO")))))) -> MÊS | F13: ='Memória de Cálculo'!F11 -> 7 | G13: =IFERROR(VLOOKUP($C13,SICOR_JULHO2025[],4,FALSE),IFERROR(VLOOKUP($C13,SICRO_JULHO2025[],4,FALSE),IFERROR(VLOOKUP($C13,SINAPI_SERV_SET2025[],4,FALSE),IFERROR(VLOOKUP($C13,SINAPI_INSUMOS_SET2025[],4,FALSE),IFERROR(VLOOKUP($C13,SUDECAP_SERVICOS_JUL2025[],4,FALSE),IFERROR(VLOOKUP($C13,SUDECAP_INSUMOS_JUL2025[],4,FALSE),"NÃO ENCONTRADO")))))) -> 794.71 | H13: =ROUND(F13*G13,2) -> 5562.97 | I13: =$I$7 -> 0.2356 | J13: =ROUND(G13+(G13*I13),2) -> 981.94 | K13: =ROUND(F13*J13,2) -> 6873.58
A14: 1.4 | B14: SICOR-SEINFRA | C14: ED-16358 | D14: =IFERROR(VLOOKUP($C14,SICOR_JULHO2025[],2,FALSE),IFERROR(VLOOKUP($C14,SICRO_JULHO2025[],2,FALSE),IFERROR(VLOOKUP($C14,SINAPI_SERV_SET2025[],2,FALSE),IFERROR(VLOOKUP($C14,SINAPI_INSUMOS_SET2025[],2,FALSE),IFERROR(VLOOKUP($C14,SUDECAP_SERVICOS_JUL2025[],2,FALSE),IFERROR(VLOOKUP($C14,SUDECAP_INSUMOS_JUL2025[],2,FALSE),"NÃO ENCONTRADO")))))) -> LIGAÇÕES PROVISÓRIAS PARA CONTAINER TIPO 3 (CORRESPONDENTE AO CÓDIGO ED-16350) | E14: =IFERROR(VLOOKUP($C14,SICOR_JULHO2025[],3,FALSE),IFERROR(VLOOKUP($C14,SICRO_JULHO2025[],3,FALSE),IFERROR(VLOOKUP($C14,SINAPI_SERV_SET2025[],3,FALSE),IFERROR(VLOOKUP($C14,SINAPI_INSUMOS_SET2025[],3,FALSE),IFERROR(VLOOKUP($C14,SUDECAP_SERVICOS_JUL2025[],3,FALSE),IFERROR(VLOOKUP($C14,SUDECAP_INSUMOS_JUL2025[],3,FALSE),"NÃO ENCONTRADO")))))) -> UN | F14: ='Memória de Cálculo'!F12 -> 3 | G14: =IFERROR(VLOOKUP($C14,SICOR_JULHO2025[],4,FALSE),IFERROR(VLOOKUP($C14,SICRO_JULHO2025[],4,FALSE),IFERROR(VLOOKUP($C14,SINAPI_SERV_SET2025[],4,FALSE),IFERROR(VLOOKUP($C14,SINAPI_INSUMOS_SET2025[],4,FALSE),IFERROR(VLOOKUP($C14,SUDECAP_SERVICOS_JUL2025[],4,FALSE),IFERROR(VLOOKUP($C14,SUDECAP_INSUMOS_JUL2025[],4,FALSE),"NÃO ENCONTRADO")))))) -> 347.98 | H14: =ROUND(F14*G14,2) -> 1043.94 | I14: =$I$7 -> 0.2356 | J14: =ROUND(G14+(G14*I14),2) -> 429.96 | K14: =ROUND(F14*J14,2) -> 1289.88
A15: 1.5 | B15: SICOR-SEINFRA | C15: ED-50155 | D15: =IFERROR(VLOOKUP($C15,SICOR_JULHO2025[],2,FALSE),IFERROR(VLOOKUP($C15,SICRO_JULHO2025[],2,FALSE),IFERROR(VLOOKUP($C15,SINAPI_SERV_SET2025[],2,FALSE),IFERROR(VLOOKUP($C15,SINAPI_INSUMOS_SET2025[],2,FALSE),IFERROR(VLOOKUP($C15,SUDECAP_SERVICOS_JUL2025[],2,FALSE),IFERROR(VLOOKUP($C15,SUDECAP_INSUMOS_JUL2025[],2,FALSE),"NÃO ENCONTRADO")))))) -> LOCAÇÃO DE BANHEIRO QUÍMICO, DIMENSÃO (110X120X230)CM, LINHA PADRÃO, CONTENDO UMA (1) PIA/HIGIENIZADOR DE MÃOS, INCLUSIVE MANUTENÇÃO E MOBILIZAÇÃO/DESMOBILIZAÇÃO | E15: =IFERROR(VLOOKUP($C15,SICOR_JULHO2025[],3,FALSE),IFERROR(VLOOKUP($C15,SICRO_JULHO2025[],3,FALSE),IFERROR(VLOOKUP($C15,SINAPI_SERV_SET2025[],3,FALSE),IFERROR(VLOOKUP($C15,SINAPI_INSUMOS_SET2025[],3,FALSE),IFERROR(VLOOKUP($C15,SUDECAP_SERVICOS_JUL2025[],3,FALSE),IFERROR(VLOOKUP($C15,SUDECAP_INSUMOS_JUL2025[],3,FALSE),"NÃO ENCONTRADO")))))) -> MÊS | F15: ='Memória de Cálculo'!F13 -> 7 | G15: =IFERROR(VLOOKUP($C15,SICOR_JULHO2025[],4,FALSE),IFERROR(VLOOKUP($C15,SICRO_JULHO2025[],4,FALSE),IFERROR(VLOOKUP($C15,SINAPI_SERV_SET2025[],4,FALSE),IFERROR(VLOOKUP($C15,SINAPI_INSUMOS_SET2025[],4,FALSE),IFERROR(VLOOKUP($C15,SUDECAP_SERVICOS_JUL2025[],4,FALSE),IFERROR(VLOOKUP($C15,SUDECAP_INSUMOS_JUL2025[],4,FALSE),"NÃO ENCONTRADO")))))) -> 980 | H15: =ROUND(F15*G15,2) -> 6860 | I15: =$I$7 -> 0.2356 | J15: =ROUND(G15+(G15*I15),2) -> 1210.89 | K15: =ROUND(F15*J15,2) -> 8476.23
A16: 2.0 | D16: TERRAPLENAGEM | H16: =SUM(H17:H20) -> 77069.52 | K16: =SUM(K17:K20) -> 95246.02
A17: 2.1 | B17: SICRO-DNIT | C17: 4413986 | D17: =IFERROR(VLOOKUP($C17,SICOR_JULHO2025[],2,FALSE),IFERROR(VLOOKUP($C17,SICRO_JULHO2025[],2,FALSE),IFERROR(VLOOKUP($C17,SINAPI_SERV_SET2025[],2,FALSE),IFERROR(VLOOKUP($C17,SINAPI_INSUMOS_SET2025[],2,FALSE),IFERROR(VLOOKUP($C17,SUDECAP_SERVICOS_JUL2025[],2,FALSE),IFERROR(VLOOKUP($C17,SUDECAP_INSUMOS_JUL2025[],2,FALSE),"NÃO ENCONTRADO")))))) -> REGULARIZAÇÃO DE SUPERFÍCIE COM MOTONIVELADORA | E17: =IFERROR(VLOOKUP($C17,SICOR_JULHO2025[],3,FALSE),IFERROR(VLOOKUP($C17,SICRO_JULHO2025[],3,FALSE),IFERROR(VLOOKUP($C17,SINAPI_SERV_SET2025[],3,FALSE),IFERROR(VLOOKUP($C17,SINAPI_INSUMOS_SET2025[],3,FALSE),IFERROR(VLOOKUP($C17,SUDECAP_SERVICOS_JUL2025[],3,FALSE),IFERROR(VLOOKUP($C17,SUDECAP_INSUMOS_JUL2025[],3,FALSE),"NÃO ENCONTRADO")))))) -> M2 | F17: ='Memória de Cálculo'!F15 -> 4377.281 | G17: =IFERROR(VLOOKUP($C17,SICOR_JULHO2025[],4,FALSE),IFERROR(VLOOKUP($C17,SICRO_JULHO2025[],4,FALSE),IFERROR(VLOOKUP($C17,SINAPI_SERV_SET2025[],4,FALSE),IFERROR(VLOOKUP($C17,SINAPI_INSUMOS_SET2025[],4,FALSE),IFERROR(VLOOKUP($C17,SUDECAP_SERVICOS_JUL2025[],4,FALSE),IFERROR(VLOOKUP($C17,SUDECAP_INSUMOS_JUL2025[],4,FALSE),"NÃO ENCONTRADO")))))) -> 0.08 | H17: =ROUND(F17*G17,2) -> 350.18 | I17: =$I$7 -> 0.2356 | J17: =ROUND(G17+(G17*I17),2) -> 0.1 | K17: =ROUND(F17*J17,2) -> 437.73
A18: 2.2 | B18: SICRO-DNIT | C18: 4011209 | D18: =IFERROR(VLOOKUP($C18,SICOR_JULHO2025[],2,FALSE),IFERROR(VLOOKUP($C18,SICRO_JULHO2025[],2,FALSE),IFERROR(VLOOKUP($C18,SINAPI_SERV_SET2025[],2,FALSE),IFERROR(VLOOKUP($C18,SINAPI_INSUMOS_SET2025[],2,FALSE),IFERROR(VLOOKUP($C18,SUDECAP_SERVICOS_JUL2025[],2,FALSE),IFERROR(VLOOKUP($C18,SUDECAP_INSUMOS_JUL2025[],2,FALSE),"NÃO ENCONTRADO")))))) -> REGULARIZAÇÃO DO SUBLEITO - 100% PROCTOR INTERMEDIÁRIO | E18: =IFERROR(VLOOKUP($C18,SICOR_JULHO2025[],3,FALSE),IFERROR(VLOOKUP($C18,SICRO_JULHO2025[],3,FALSE),IFERROR(VLOOKUP($C18,SINAPI_SERV_SET2025[],3,FALSE),IFERROR(VLOOKUP($C18,SINAPI_INSUMOS_SET2025[],3,FALSE),IFERROR(VLOOKUP($C18,SUDECAP_SERVICOS_JUL2025[],3,FALSE),IFERROR(VLOOKUP($C18,SUDECAP_INSUMOS_JUL2025[],3,FALSE),"NÃO ENCONTRADO")))))) -> M2 | F18: ='Memória de Cálculo'!F16 -> 4377.281 | G18: =IFERROR(VLOOKUP($C18,SICOR_JULHO2025[],4,FALSE),IFERROR(VLOOKUP($C18,SICRO_JULHO2025[],4,FALSE),IFERROR(VLOOKUP($C18,SINAPI_SERV_SET2025[],4,FALSE),IFERROR(VLOOKUP($C18,SINAPI_INSUMOS_SET2025[],4,FALSE),IFERROR(VLOOKUP($C18,SUDECAP_SERVICOS_JUL2025[],4,FALSE),IFERROR(VLOOKUP($C18,SUDECAP_INSUMOS_JUL2025[],4,FALSE),"NÃO ENCONTRADO")))))) -> 1.81 | H18: =ROUND(F18*G18,2) -> 7922.88 | I18: =$I$7 -> 0.2356 | J18: =ROUND(G18+(G18*I18),2) -> 2.24 | K18: =ROUND(F18*J18,2) -> 9805.11
A19: 2.3 | B19: SICRO-DNIT | C19: 4011320 | D19: =IFERROR(VLOOKUP($C19,SICOR_JULHO2025[],2,FALSE),IFERROR(VLOOKUP($C19,SICRO_JULHO2025[],2,FALSE),IFERROR(VLOOKUP($C19,SINAPI_SERV_SET2025[],2,FALSE),IFERROR(VLOOKUP($C19,SINAPI_INSUMOS_SET2025[],2,FALSE),IFERROR(VLOOKUP($C19,SUDECAP_SERVICOS_JUL2025[],2,FALSE),IFERROR(VLOOKUP($C19,SUDECAP_INSUMOS_JUL2025[],2,FALSE),"NÃO ENCONTRADO")))))) -> BASE OU SUB-BASE ESTABILIZADA GRANULOMETRICAMENTE COM MISTURA SOLO BRITA (70% - 30%) NA PISTA COM MATERIAL DE JAZIDA E BRITA COMERCIAL - 100% PROCTOR MODIFICADO | E19: =IFERROR(VLOOKUP($C19,SICOR_JULHO2025[],3,FALSE),IFERROR(VLOOKUP($C19,SICRO_JULHO2025[],3,FALSE),IFERROR(VLOOKUP($C19,SINAPI_SERV_SET2025[],3,FALSE),IFERROR(VLOOKUP($C19,SINAPI_INSUMOS_SET2025[],3,FALSE),IFERROR(VLOOKUP($C19,SUDECAP_SERVICOS_JUL2025[],3,FALSE),IFERROR(VLOOKUP($C19,SUDECAP_INSUMOS_JUL2025[],3,FALSE),"NÃO ENCONTRADO")))))) -> M3 | F19: ='Memória de Cálculo'!F17 -> 656.59215 | G19: =IFERROR(VLOOKUP($C19,SICOR_JULHO2025[],4,FALSE),IFERROR(VLOOKUP($C19,SICRO_JULHO2025[],4,FALSE),IFERROR(VLOOKUP($C19,SINAPI_SERV_SET2025[],4,FALSE),IFERROR(VLOOKUP($C19,SINAPI_INSUMOS_SET2025[],4,FALSE),IFERROR(VLOOKUP($C19,SUDECAP_SERVICOS_JUL2025[],4,FALSE),IFERROR(VLOOKUP($C19,SUDECAP_INSUMOS_JUL2025[],4,FALSE),"NÃO ENCONTRADO")))))) -> 87.17 | H19: =ROUND(F19*G19,2) -> 57235.14 | I19: =$I$7 -> 0.2356 | J19: =ROUND(G19+(G19*I19),2) -> 107.71 | K19: =ROUND(F19*J19,2) -> 70721.54
A20: 2.4 | B20: SICRO-DNIT | C20: 5915321 | D20: =IFERROR(VLOOKUP($C20,SICOR_JULHO2025[],2,FALSE),IFERROR(VLOOKUP($C20,SICRO_JULHO2025[],2,FALSE),IFERROR(VLOOKUP($C20,SINAPI_SERV_SET2025[],2,FALSE),IFERROR(VLOOKUP($C20,SINAPI_INSUMOS_SET2025[],2,FALSE),IFERROR(VLOOKUP($C20,SUDECAP_SERVICOS_JUL2025[],2,FALSE),IFERROR(VLOOKUP($C20,SUDECAP_INSUMOS_JUL2025[],2,FALSE),"NÃO ENCONTRADO")))))) -> TRANSPORTE COM CAMINHÃO BASCULANTE DE 14 M3 - RODOVIA PAVIMENTADA | E20: =IFERROR(VLOOKUP($C20,SICOR_JULHO2025[],3,FALSE),IFERROR(VLOOKUP($C20,SICRO_JULHO2025[],3,FALSE),IFERROR(VLOOKUP($C20,SINAPI_SERV_SET2025[],3,FALSE),IFERROR(VLOOKUP($C20,SINAPI_INSUMOS_SET2025[],3,FALSE),IFERROR(VLOOKUP($C20,SUDECAP_SERVICOS_JUL2025[],3,FALSE),IFERROR(VLOOKUP($C20,SUDECAP_INSUMOS_JUL2025[],3,FALSE),"NÃO ENCONTRADO")))))) -> TKM | F20: ='Memória de Cálculo'!F18 -> 17001.948 | G20: =IFERROR(VLOOKUP($C20,SICOR_JULHO2025[],4,FALSE),IFERROR(VLOOKUP($C20,SICRO_JULHO2025[],4,FALSE),IFERROR(VLOOKUP($C20,SINAPI_SERV_SET2025[],4,FALSE),IFERROR(VLOOKUP($C20,SINAPI_INSUMOS_SET2025[],4,FALSE),IFERROR(VLOOKUP($C20,SUDECAP_SERVICOS_JUL2025[],4,FALSE),IFERROR(VLOOKUP($C20,SUDECAP_INSUMOS_JUL2025[],4,FALSE),"NÃO ENCONTRADO")))))) -> 0.68 | H20: =ROUND(F20*G20,2) -> 11561.32 | I20: =$I$7 -> 0.2356 | J20: =ROUND(G20+(G20*I20),2) -> 0.84 | K20: =ROUND(F20*J20,2) -> 14281.64
A21: 3.0 | D21: PAVIMENTO INTERTRAVADO | H21: =SUM(H22:H26) -> 366938.04 | K21: =SUM(K22:K26) -> 453427.28
A22: 3.1 | B22: SICOR-SEINFRA | C22: ED-8916 | D22: =IFERROR(VLOOKUP($C22,SICOR_JULHO2025[],2,FALSE),IFERROR(VLOOKUP($C22,SICRO_JULHO2025[],2,FALSE),IFERROR(VLOOKUP($C22,SINAPI_SERV_SET2025[],2,FALSE),IFERROR(VLOOKUP($C22,SINAPI_INSUMOS_SET2025[],2,FALSE),IFERROR(VLOOKUP($C22,SUDECAP_SERVICOS_JUL2025[],2,FALSE),IFERROR(VLOOKUP($C22,SUDECAP_INSUMOS_JUL2025[],2,FALSE),"NÃO ENCONTRADO")))))) -> EXECUÇÃO DE PAVIMENTO COM PISO INTERTRAVADO, TIPO RETANGULAR, ESP. 8CM, COM FCK DE 35MPA, INCLUSIVE COLCHÃO DE AREIA, ESP. 6CM, PARA ASSENTAMENTO, COMPACTAÇÃO MECANIZADA, CARGA E DESCARGA MECÂNICA EM CAMINHÃO, EXCLUSIVE TRANSPORTE DE PISO INTERTRAVADO | E22: =IFERROR(VLOOKUP($C22,SICOR_JULHO2025[],3,FALSE),IFERROR(VLOOKUP($C22,SICRO_JULHO2025[],3,FALSE),IFERROR(VLOOKUP($C22,SINAPI_SERV_SET2025[],3,FALSE),IFERROR(VLOOKUP($C22,SINAPI_INSUMOS_SET2025[],3,FALSE),IFERROR(VLOOKUP($C22,SUDECAP_SERVICOS_JUL2025[],3,FALSE),IFERROR(VLOOKUP($C22,SUDECAP_INSUMOS_JUL2025[],3,FALSE),"NÃO ENCONTRADO")))))) -> M2 | F22: ='Memória de Cálculo'!F20 -> 1566.72 | G22: =IFERROR(VLOOKUP($C22,SICOR_JULHO2025[],4,FALSE),IFERROR(VLOOKUP($C22,SICRO_JULHO2025[],4,FALSE),IFERROR(VLOOKUP($C22,SINAPI_SERV_SET2025[],4,FALSE),IFERROR(VLOOKUP($C22,SINAPI_INSUMOS_SET2025[],4,FALSE),IFERROR(VLOOKUP($C22,SUDECAP_SERVICOS_JUL2025[],4,FALSE),IFERROR(VLOOKUP($C22,SUDECAP_INSUMOS_JUL2025[],4,FALSE),"NÃO ENCONTRADO")))))) -> 104.95 | H22: =ROUND(F22*G22,2) -> 164427.26 | I22: =$I$7 -> 0.2356 | J22: =ROUND(G22+(G22*I22),2) -> 129.68 | K22: =ROUND(F22*J22,2) -> 203172.25
A23: 3.2 | B23: SICOR-SEINFRA | C23: ED-8914 | D23: =IFERROR(VLOOKUP($C23,SICOR_JULHO2025[],2,FALSE),IFERROR(VLOOKUP($C23,SICRO_JULHO2025[],2,FALSE),IFERROR(VLOOKUP($C23,SINAPI_SERV_SET2025[],2,FALSE),IFERROR(VLOOKUP($C23,SINAPI_INSUMOS_SET2025[],2,FALSE),IFERROR(VLOOKUP($C23,SUDECAP_SERVICOS_JUL2025[],2,FALSE),IFERROR(VLOOKUP($C23,SUDECAP_INSUMOS_JUL2025[],2,FALSE),"NÃO ENCONTRADO")))))) -> EXECUÇÃO DE PAVIMENTO COM PISO INTERTRAVADO, TIPO SEXTAVADO, ESP. 8CM, COM FCK DE 35MPA, INCLUSIVE COLCHÃO DE AREIA, ESP. 6CM, PARA ASSENTAMENTO, COMPACTAÇÃO MECANIZADA, CARGA E DESCARGA MECÂNICA EM CAMINHÃO, EXCLUSIVE TRANSPORTE DE PISO INTERTRAVADO | E23: =IFERROR(VLOOKUP($C23,SICOR_JULHO2025[],3,FALSE),IFERROR(VLOOKUP($C23,SICRO_JULHO2025[],3,FALSE),IFERROR(VLOOKUP($C23,SINAPI_SERV_SET2025[],3,FALSE),IFERROR(VLOOKUP($C23,SINAPI_INSUMOS_SET2025[],3,FALSE),IFERROR(VLOOKUP($C23,SUDECAP_SERVICOS_JUL2025[],3,FALSE),IFERROR(VLOOKUP($C23,SUDECAP_INSUMOS_JUL2025[],3,FALSE),"NÃO ENCONTRADO")))))) -> M2 | F23: ='Memória de Cálculo'!F21 -> 1950 | G23: =IFERROR(VLOOKUP($C23,SICOR_JULHO2025[],4,FALSE),IFERROR(VLOOKUP($C23,SICRO_JULHO2025[],4,FALSE),IFERROR(VLOOKUP($C23,SINAPI_SERV_SET2025[],4,FALSE),IFERROR(VLOOKUP($C23,SINAPI_INSUMOS_SET2025[],4,FALSE),IFERROR(VLOOKUP($C23,SUDECAP_SERVICOS_JUL2025[],4,FALSE),IFERROR(VLOOKUP($C23,SUDECAP_INSUMOS_JUL2025[],4,FALSE),"NÃO ENCONTRADO")))))) -> 96.52 | H23: =ROUND(F23*G23,2) -> 188214 | I23: =$I$7 -> 0.2356 | J23: =ROUND(G23+(G23*I23),2) -> 119.26 | K23: =ROUND(F23*J23,2) -> 232557
A24: 3.3 | B24: SICOR-SEINFRA | C24: ED-7423 | D24: =IFERROR(VLOOKUP($C24,SICOR_JULHO2025[],2,FALSE),IFERROR(VLOOKUP($C24,SICRO_JULHO2025[],2,FALSE),IFERROR(VLOOKUP($C24,SINAPI_SERV_SET2025[],2,FALSE),IFERROR(VLOOKUP($C24,SINAPI_INSUMOS_SET2025[],2,FALSE),IFERROR(VLOOKUP($C24,SUDECAP_SERVICOS_JUL2025[],2,FALSE),IFERROR(VLOOKUP($C24,SUDECAP_INSUMOS_JUL2025[],2,FALSE),"NÃO ENCONTRADO")))))) -> TRANSPORTE DE PISO INTERTRAVADO, EM CAMINHÃO, TRAÇÃO 6X2, TIPO TRUCADO, PESO BRUTO TOTAL (PBT) DE 23.000KG, COM GUINDASTE ARTICULADO, MOMENTO DE CARGA MÁXIMO DE 10TXM, E CARROCERIA DE CARGA SECA, COM CAPACIDADE DE 14T, EM RODOVIA COM LEITO NATURAL, EXCLUSIVE MANOBRA, CARGA E DESCARGA | E24: =IFERROR(VLOOKUP($C24,SICOR_JULHO2025[],3,FALSE),IFERROR(VLOOKUP($C24,SICRO_JULHO2025[],3,FALSE),IFERROR(VLOOKUP($C24,SINAPI_SERV_SET2025[],3,FALSE),IFERROR(VLOOKUP($C24,SINAPI_INSUMOS_SET2025[],3,FALSE),IFERROR(VLOOKUP($C24,SUDECAP_SERVICOS_JUL2025[],3,FALSE),IFERROR(VLOOKUP($C24,SUDECAP_INSUMOS_JUL2025[],3,FALSE),"NÃO ENCONTRADO")))))) -> TXKM | F24: ='Memória de Cálculo'!F22 -> 6429.8189 | G24: =IFERROR(VLOOKUP($C24,SICOR_JULHO2025[],4,FALSE),IFERROR(VLOOKUP($C24,SICRO_JULHO2025[],4,FALSE),IFERROR(VLOOKUP($C24,SINAPI_SERV_SET2025[],4,FALSE),IFERROR(VLOOKUP($C24,SINAPI_INSUMOS_SET2025[],4,FALSE),IFERROR(VLOOKUP($C24,SUDECAP_SERVICOS_JUL2025[],4,FALSE),IFERROR(VLOOKUP($C24,SUDECAP_INSUMOS_JUL2025[],4,FALSE),"NÃO ENCONTRADO")))))) -> 1.38 | H24: =ROUND(F24*G24,2) -> 8873.15 | I24: =$I$7 -> 0.2356 | J24: =ROUND(G24+(G24*I24),2) -> 1.71 | K24: =ROUND(F24*J24,2) -> 10994.99
A25: 3.4 | B25: SICOR-SEINFRA | C25: ED-7425 | D25: =IFERROR(VLOOKUP($C25,SICOR_JULHO2025[],2,FALSE),IFERROR(VLOOKUP($C25,SICRO_JULHO2025[],2,FALSE),IFERROR(VLOOKUP($C25,SINAPI_SERV_SET2025[],2,FALSE),IFERROR(VLOOKUP($C25,SINAPI_INSUMOS_SET2025[],2,FALSE),IFERROR(VLOOKUP($C25,SUDECAP_SERVICOS_JUL2025[],2,FALSE),IFERROR(VLOOKUP($C25,SUDECAP_INSUMOS_JUL2025[],2,FALSE),"NÃO ENCONTRADO")))))) -> TRANSPORTE DE PISO INTERTRAVADO, EM CAMINHÃO, TRAÇÃO 6X2, TIPO TRUCADO, PESO BRUTO TOTAL (PBT) DE 23.000KG, COM GUINDASTE ARTICULADO, MOMENTO DE CARGA MÁXIMO DE 10TXM, E CARROCERIA DE CARGA SECA, COM CAPACIDADE DE 14T, EM RODOVIA PAVIMENTADA, EXCLUSIVE MANOBRA, CARGA E DESCARGA | E25: =IFERROR(VLOOKUP($C25,SICOR_JULHO2025[],3,FALSE),IFERROR(VLOOKUP($C25,SICRO_JULHO2025[],3,FALSE),IFERROR(VLOOKUP($C25,SINAPI_SERV_SET2025[],3,FALSE),IFERROR(VLOOKUP($C25,SINAPI_INSUMOS_SET2025[],3,FALSE),IFERROR(VLOOKUP($C25,SUDECAP_SERVICOS_JUL2025[],3,FALSE),IFERROR(VLOOKUP($C25,SUDECAP_INSUMOS_JUL2025[],3,FALSE),"NÃO ENCONTRADO")))))) -> TXKM | F25: ='Memória de Cálculo'!F23 -> 582.12 | G25: =IFERROR(VLOOKUP($C25,SICOR_JULHO2025[],4,FALSE),IFERROR(VLOOKUP($C25,SICRO_JULHO2025[],4,FALSE),IFERROR(VLOOKUP($C25,SINAPI_SERV_SET2025[],4,FALSE),IFERROR(VLOOKUP($C25,SINAPI_INSUMOS_SET2025[],4,FALSE),IFERROR(VLOOKUP($C25,SUDECAP_SERVICOS_JUL2025[],4,FALSE),IFERROR(VLOOKUP($C25,SUDECAP_INSUMOS_JUL2025[],4,FALSE),"NÃO ENCONTRADO")))))) -> 0.92 | H25: =ROUND(F25*G25,2) -> 535.55 | I25: =$I$7 -> 0.2356 | J25: =ROUND(G25+(G25*I25),2) -> 1.14 | K25: =ROUND(F25*J25,2) -> 663.62
A26: 3.5 | B26: SICOR-SEINFRA | C26: ED-51139 | D26: =IFERROR(VLOOKUP($C26,SICOR_JULHO2025[],2,FALSE),IFERROR(VLOOKUP($C26,SICRO_JULHO2025[],2,FALSE),IFERROR(VLOOKUP($C26,SINAPI_SERV_SET2025[],2,FALSE),IFERROR(VLOOKUP($C26,SINAPI_INSUMOS_SET2025[],2,FALSE),IFERROR(VLOOKUP($C26,SUDECAP_SERVICOS_JUL2025[],2,FALSE),IFERROR(VLOOKUP($C26,SUDECAP_INSUMOS_JUL2025[],2,FALSE),"NÃO ENCONTRADO")))))) -> GUIA DE MEIO-FIO, EM CONCRETO COM FCK 20MPA, PRÉ-MOLDADA, MFC-01 PADRÃO DER-MG, DIMENSÕES (12X16,7X35)CM, EXCLUSIVE SARJETA, INCLUSIVE ESCAVAÇÃO, APILOAMENTO E TRANSPORTE COM RETIRADA DO MATERIAL ESCAVADO (EM CAÇAMBA) | E26: =IFERROR(VLOOKUP($C26,SICOR_JULHO2025[],3,FALSE),IFERROR(VLOOKUP($C26,SICRO_JULHO2025[],3,FALSE),IFERROR(VLOOKUP($C26,SINAPI_SERV_SET2025[],3,FALSE),IFERROR(VLOOKUP($C26,SINAPI_INSUMOS_SET2025[],3,FALSE),IFERROR(VLOOKUP($C26,SUDECAP_SERVICOS_JUL2025[],3,FALSE),IFERROR(VLOOKUP($C26,SUDECAP_INSUMOS_JUL2025[],3,FALSE),"NÃO ENCONTRADO")))))) -> M | F26: ='Memória de Cálculo'!F24 -> 62 | G26: =IFERROR(VLOOKUP($C26,SICOR_JULHO2025[],4,FALSE),IFERROR(VLOOKUP($C26,SICRO_JULHO2025[],4,FALSE),IFERROR(VLOOKUP($C26,SINAPI_SERV_SET2025[],4,FALSE),IFERROR(VLOOKUP($C26,SINAPI_INSUMOS_SET2025[],4,FALSE),IFERROR(VLOOKUP($C26,SUDECAP_SERVICOS_JUL2025[],4,FALSE),IFERROR(VLOOKUP($C26,SUDECAP_INSUMOS_JUL2025[],4,FALSE),"NÃO ENCONTRADO")))))) -> 78.84 | H26: =ROUND(F26*G26,2) -> 4888.08 | I26: =$I$7 -> 0.2356 | J26: =ROUND(G26+(G26*I26),2) -> 97.41 | K26: =ROUND(F26*J26,2) -> 6039.42
A27: 4.0 | D27: MEIO-FIO E SARJETA | H27: =SUM(H28:H29) -> 165135.04 | K27: =SUM(K28:K29) -> 204032.4
A28: 4.1 | B28: SICOR-SEINFRA | C28: ED-51139 | D28: =IFERROR(VLOOKUP($C28,SICOR_JULHO2025[],2,FALSE),IFERROR(VLOOKUP($C28,SICRO_JULHO2025[],2,FALSE),IFERROR(VLOOKUP($C28,SINAPI_SERV_SET2025[],2,FALSE),IFERROR(VLOOKUP($C28,SINAPI_INSUMOS_SET2025[],2,FALSE),IFERROR(VLOOKUP($C28,SUDECAP_SERVICOS_JUL2025[],2,FALSE),IFERROR(VLOOKUP($C28,SUDECAP_INSUMOS_JUL2025[],2,FALSE),"NÃO ENCONTRADO")))))) -> GUIA DE MEIO-FIO, EM CONCRETO COM FCK 20MPA, PRÉ-MOLDADA, MFC-01 PADRÃO DER-MG, DIMENSÕES (12X16,7X35)CM, EXCLUSIVE SARJETA, INCLUSIVE ESCAVAÇÃO, APILOAMENTO E TRANSPORTE COM RETIRADA DO MATERIAL ESCAVADO (EM CAÇAMBA) | E28: =IFERROR(VLOOKUP($C28,SICOR_JULHO2025[],3,FALSE),IFERROR(VLOOKUP($C28,SICRO_JULHO2025[],3,FALSE),IFERROR(VLOOKUP($C28,SINAPI_SERV_SET2025[],3,FALSE),IFERROR(VLOOKUP($C28,SINAPI_INSUMOS_SET2025[],3,FALSE),IFERROR(VLOOKUP($C28,SUDECAP_SERVICOS_JUL2025[],3,FALSE),IFERROR(VLOOKUP($C28,SUDECAP_INSUMOS_JUL2025[],3,FALSE),"NÃO ENCONTRADO")))))) -> M | F28: ='Memória de Cálculo'!F26 -> 1323.94 | G28: =IFERROR(VLOOKUP($C28,SICOR_JULHO2025[],4,FALSE),IFERROR(VLOOKUP($C28,SICRO_JULHO2025[],4,FALSE),IFERROR(VLOOKUP($C28,SINAPI_SERV_SET2025[],4,FALSE),IFERROR(VLOOKUP($C28,SINAPI_INSUMOS_SET2025[],4,FALSE),IFERROR(VLOOKUP($C28,SUDECAP_SERVICOS_JUL2025[],4,FALSE),IFERROR(VLOOKUP($C28,SUDECAP_INSUMOS_JUL2025[],4,FALSE),"NÃO ENCONTRADO")))))) -> 78.84 | H28: =ROUND(F28*G28,2) -> 104379.43 | I28: =$I$7 -> 0.2356 | J28: =ROUND(G28+(G28*I28),2) -> 97.41 | K28: =ROUND(F28*J28,2) -> 128965
A29: 4.2 | B29: SICOR-SEINFRA | C29: ED-14762 | D29: =IFERROR(VLOOKUP($C29,SICOR_JULHO2025[],2,FALSE),IFERROR(VLOOKUP($C29,SICRO_JULHO2025[],2,FALSE),IFERROR(VLOOKUP($C29,SINAPI_SERV_SET2025[],2,FALSE),IFERROR(VLOOKUP($C29,SINAPI_INSUMOS_SET2025[],2,FALSE),IFERROR(VLOOKUP($C29,SUDECAP_SERVICOS_JUL2025[],2,FALSE),IFERROR(VLOOKUP($C29,SUDECAP_INSUMOS_JUL2025[],2,FALSE),"NÃO ENCONTRADO")))))) -> SARJETA DE CONCRETO URBANO (SCU), TIPO 1, COM FCK 15 MPA, LARGURA DE 50CM COM INCLINAÇÃO DE 3%, ESP. 7CM, PADRÃO DER-MG, EXCLUSIVE MEIO-FIO, INCLUSIVE ESCAVAÇÃO, APILAOMENTO E TRANSPORTE COM RETIRADA DO MATERIAL ESCAVADO (EM CAÇAMBA) | E29: =IFERROR(VLOOKUP($C29,SICOR_JULHO2025[],3,FALSE),IFERROR(VLOOKUP($C29,SICRO_JULHO2025[],3,FALSE),IFERROR(VLOOKUP($C29,SINAPI_SERV_SET2025[],3,FALSE),IFERROR(VLOOKUP($C29,SINAPI_INSUMOS_SET2025[],3,FALSE),IFERROR(VLOOKUP($C29,SUDECAP_SERVICOS_JUL2025[],3,FALSE),IFERROR(VLOOKUP($C29,SUDECAP_INSUMOS_JUL2025[],3,FALSE),"NÃO ENCONTRADO")))))) -> M | F29: ='Memória de Cálculo'!F27 -> 1323.94 | G29: =IFERROR(VLOOKUP($C29,SICOR_JULHO2025[],4,FALSE),IFERROR(VLOOKUP($C29,SICRO_JULHO2025[],4,FALSE),IFERROR(VLOOKUP($C29,SINAPI_SERV_SET2025[],4,FALSE),IFERROR(VLOOKUP($C29,SINAPI_INSUMOS_SET2025[],4,FALSE),IFERROR(VLOOKUP($C29,SUDECAP_SERVICOS_JUL2025[],4,FALSE),IFERROR(VLOOKUP($C29,SUDECAP_INSUMOS_JUL2025[],4,FALSE),"NÃO ENCONTRADO")))))) -> 45.89 | H29: =ROUND(F29*G29,2) -> 60755.61 | I29: =$I$7 -> 0.2356 | J29: =ROUND(G29+(G29*I29),2) -> 56.7 | K29: =ROUND(F29*J29,2) -> 75067.4
A30: 5.0 | D30: SINALIZAÇÃO VERTICAL | H30: =SUM(H31:H33) -> 4624.38 | K30: =SUM(K31:K33) -> 5713.89
A31: 5.1 | B31: SICRO-DNIT | C31: 5213447 | D31: =IFERROR(VLOOKUP($C31,SICOR_JULHO2025[],2,FALSE),IFERROR(VLOOKUP($C31,SICRO_JULHO2025[],2,FALSE),IFERROR(VLOOKUP($C31,SINAPI_SERV_SET2025[],2,FALSE),IFERROR(VLOOKUP($C31,SINAPI_INSUMOS_SET2025[],2,FALSE),IFERROR(VLOOKUP($C31,SUDECAP_SERVICOS_JUL2025[],2,FALSE),IFERROR(VLOOKUP($C31,SUDECAP_INSUMOS_JUL2025[],2,FALSE),"NÃO ENCONTRADO")))))) -> PLACA DE REGULAMENTAÇÃO EM AÇO, R1 LADO 0,497 M - PELÍCULA RETRORREFLETIVA TIPO III + SI - FORNECIMENTO E IMPLANTAÇÃO | E31: =IFERROR(VLOOKUP($C31,SICOR_JULHO2025[],3,FALSE),IFERROR(VLOOKUP($C31,SICRO_JULHO2025[],3,FALSE),IFERROR(VLOOKUP($C31,SINAPI_SERV_SET2025[],3,FALSE),IFERROR(VLOOKUP($C31,SINAPI_INSUMOS_SET2025[],3,FALSE),IFERROR(VLOOKUP($C31,SUDECAP_SERVICOS_JUL2025[],3,FALSE),IFERROR(VLOOKUP($C31,SUDECAP_INSUMOS_JUL2025[],3,FALSE),"NÃO ENCONTRADO")))))) -> UN | F31: ='Memória de Cálculo'!F29 -> 3 | G31: =IFERROR(VLOOKUP($C31,SICOR_JULHO2025[],4,FALSE),IFERROR(VLOOKUP($C31,SICRO_JULHO2025[],4,FALSE),IFERROR(VLOOKUP($C31,SINAPI_SERV_SET2025[],4,FALSE),IFERROR(VLOOKUP($C31,SINAPI_INSUMOS_SET2025[],4,FALSE),IFERROR(VLOOKUP($C31,SUDECAP_SERVICOS_JUL2025[],4,FALSE),IFERROR(VLOOKUP($C31,SUDECAP_INSUMOS_JUL2025[],4,FALSE),"NÃO ENCONTRADO")))))) -> 1070.74 | H31: =ROUND(F31*G31,2) -> 3212.22 | I31: =$I$7 -> 0.2356 | J31: =ROUND(G31+(G31*I31),2) -> 1323.01 | K31: =ROUND(F31*J31,2) -> 3969.03
A32: 5.2 | B32: SICRO-DNIT | C32: 5213858 | D32: =IFERROR(VLOOKUP($C32,SICOR_JULHO2025[],2,FALSE),IFERROR(VLOOKUP($C32,SICRO_JULHO2025[],2,FALSE),IFERROR(VLOOKUP($C32,SINAPI_SERV_SET2025[],2,FALSE),IFERROR(VLOOKUP($C32,SINAPI_INSUMOS_SET2025[],2,FALSE),IFERROR(VLOOKUP($C32,SUDECAP_SERVICOS_JUL2025[],2,FALSE),IFERROR(VLOOKUP($C32,SUDECAP_INSUMOS_JUL2025[],2,FALSE),"NÃO ENCONTRADO")))))) -> SUPORTE METÁLICO GALVANIZADO PARA PLACA DE REGULAMENTAÇÃO - R1 - LADO DE 0,497 M - FORNECIMENTO E IMPLANTAÇÃO | E32: =IFERROR(VLOOKUP($C32,SICOR_JULHO2025[],3,FALSE),IFERROR(VLOOKUP($C32,SICRO_JULHO2025[],3,FALSE),IFERROR(VLOOKUP($C32,SINAPI_SERV_SET2025[],3,FALSE),IFERROR(VLOOKUP($C32,SINAPI_INSUMOS_SET2025[],3,FALSE),IFERROR(VLOOKUP($C32,SUDECAP_SERVICOS_JUL2025[],3,FALSE),IFERROR(VLOOKUP($C32,SUDECAP_INSUMOS_JUL2025[],3,FALSE),"NÃO ENCONTRADO")))))) -> UN | F32: ='Memória de Cálculo'!F30 -> 3 | G32: =IFERROR(VLOOKUP($C32,SICOR_JULHO2025[],4,FALSE),IFERROR(VLOOKUP($C32,SICRO_JULHO2025[],4,FALSE),IFERROR(VLOOKUP($C32,SINAPI_SERV_SET2025[],4,FALSE),IFERROR(VLOOKUP($C32,SINAPI_INSUMOS_SET2025[],4,FALSE),IFERROR(VLOOKUP($C32,SUDECAP_SERVICOS_JUL2025[],4,FALSE),IFERROR(VLOOKUP($C32,SUDECAP_INSUMOS_JUL2025[],4,FALSE),"NÃO ENCONTRADO")))))) -> 470.72 | H32: =ROUND(F32*G32,2) -> 1412.16 | I32: =$I$7 -> 0.2356 | J32: =ROUND(G32+(G32*I32),2) -> 581.62 | K32: =ROUND(F32*J32,2) -> 1744.86
A33: 5.3 | B33: - | C33: CPU-001 | D33: PLACA DE IDENTIFICAÇÃO DE LOGRADOURO | E33: UN | F33: ='Memória de Cálculo'!F31 -> 6 | G33: A CARGO DA PREFEITURA | K33: =ROUND(F33*J33,2) -> 0
A34: 6.0 | D34: MOBILIZAÇÃO E DESMOBILIZAÇÃO DE OBRA | H34: =SUM(H35) -> 3178.5947 | K34: =K35 -> 3927.47
A35: 6.1 | B35: SICOR-SEINFRA | C35: ED-50392 | D35: MOBILIZAÇÃO E DESMOBILIZAÇÃO DE OBRA EM CENTRO URBANO OU REGIÃO LIMÍTROFE COM VALOR ATÉ 1.000.000,00 | E35: % | F35: 0.005 | H35: =F35*(H10+H16+H21+H27+H30) -> 3178.5947 | I35: =$I$7 -> 0.2356 | J35: =ROUND(H35+(H35*I35),2) -> 3927.47 | K35: =J35 -> 3927.47
A36: TOTAL | H36: =ROUND(H10+H16+H21+H27+H30+H34,2) -> 638897.53 | K36: =ROUND(K10+K16+K21+K27+K30+K34,2) -> 789470.88
A37: TOTAL DA OBRA C/ BDI | K37: =K36 -> 789470.88
L39: =89470.88/K37 -> 0.11333018
D42: RICARDO SANTOS SOARES | G42: RACLY ARAUJO ANDRADE
D43: CREA 160878/D | G43: Prefeito Municipal de Jaboticatubas

Sheet Memória de Cálculo
A2: MEMÓRIA DE CÁLCULO
A3: PREFEITURA MUNICIPAL DE JABOTICATUBAS
A4: OBRA: CALÇAMENTO EM PAVIMENTO INTERTRAVADO | F4: DATA:
A5: LOCAL: RUA ARARA DA SERRA - DISTRITO DE SÃO JOSÉ DA SERRA, R. PEDRO MARQUES DE MORAIS - BAIRRO SANTO ANTÔNIO E ALAMEDA DOS AÇAÍS - BOSQUE DOS COQUEIROS
A7: ITEM | B7: FONTE | C7: CÓDIGO | D7: DESCRIÇÃO | E7: UNIDADE | F7: QUANTIDADE | G7: CÁLCULO
A8: 1.0 | D8: SERVIÇOS PRELIMINARES
A9: 1.1 | B9: SICOR-SEINFRA | C9: ED-28427 | D9: =IFERROR(VLOOKUP($C9,SICOR_JULHO2025[],2,FALSE),IFERROR(VLOOKUP($C9,SICRO_JULHO2025[],2,FALSE),IFERROR(VLOOKUP($C9,SINAPI_SERV_SET2025[],2,FALSE),IFERROR(VLOOKUP($C9,SINAPI_INSUMOS_SET2025[],2,FALSE),IFERROR(VLOOKUP($C9,SUDECAP_SERVICOS_JUL2025[],2,FALSE),IFERROR(VLOOKUP($C9,SUDECAP_INSUMOS_JUL2025[],2,FALSE),"NÃO ENCONTRADO")))))) -> FORNECIMENTO E COLOCAÇÃO DE PLACA DE OBRA EM CHAPA GALVANIZADA #26, ESP. 0,45MM, DIMENSÃO (3X1,5)M, PLOTADA COM ADESIVO VINÍLICO, AFIXADA COM REBITES 4,8X40MM, EM ESTRUTURA METÁLICA DE METALON 20X20MM, ESP. 1,25MM, INCLUSIVE SUPORTE EM EUCALIPTO AUTOCLAVADO PINTADO COM TINTA PVA DUAS (2) DEMÃOS | E9: =IFERROR(VLOOKUP($C9,SICOR_JULHO2025[],3,FALSE),IFERROR(VLOOKUP($C9,SICRO_JULHO2025[],3,FALSE),IFERROR(VLOOKUP($C9,SINAPI_SERV_SET2025[],3,FALSE),IFERROR(VLOOKUP($C9,SINAPI_INSUMOS_SET2025[],3,FALSE),IFERROR(VLOOKUP($C9,SUDECAP_SERVICOS_JUL2025[],3,FALSE),IFERROR(VLOOKUP($C9,SUDECAP_INSUMOS_JUL2025[],3,FALSE),"NÃO ENCONTRADO")))))) -> UN | F9: 3 | G9: 1,0 PLACA (RUA ARARA DA SERRA) + 1,0 PLACA (R. PEDRO MARQUES DE MORAIS) + 1,0 PLACA (ALAMEDA DOS AÇAÍS)
A10: 1.2 | B10: SICOR-SEINFRA | C10: ED-50137 | D10: =IFERROR(VLOOKUP($C10,SICOR_JULHO2025[],2,FALSE),IFERROR(VLOOKUP($C10,SICRO_JULHO2025[],2,FALSE),IFERROR(VLOOKUP($C10,SINAPI_SERV_SET2025[],2,FALSE),IFERROR(VLOOKUP($C10,SINAPI_INSUMOS_SET2025[],2,FALSE),IFERROR(VLOOKUP($C10,SUDECAP_SERVICOS_JUL2025[],2,FALSE),IFERROR(VLOOKUP($C10,SUDECAP_INSUMOS_JUL2025[],2,FALSE),"NÃO ENCONTRADO")))))) -> MOBILIZAÇÃO E DESMOBILIZAÇÃO DE CONTAINER, INCLUSIVE CARGA, DESCARGA E TRANSPORTE EM CAMINHÃO CARROCERIA COM GUINDAUTO (MUNCK), EXCLUSIVE LOCAÇÃO DO CONTAINER | E10: =IFERROR(VLOOKUP($C10,SICOR_JULHO2025[],3,FALSE),IFERROR(VLOOKUP($C10,SICRO_JULHO2025[],3,FALSE),IFERROR(VLOOKUP($C10,SINAPI_SERV_SET2025[],3,FALSE),IFERROR(VLOOKUP($C10,SINAPI_INSUMOS_SET2025[],3,FALSE),IFERROR(VLOOKUP($C10,SUDECAP_SERVICOS_JUL2025[],3,FALSE),IFERROR(VLOOKUP($C10,SUDECAP_INSUMOS_JUL2025[],3,FALSE),"NÃO ENCONTRADO")))))) -> UN | F10: 3 | G10: 1,0 (RUA ARARA DA SERRA) + 1,0 (R. PEDRO MARQUES DE MORAIS) + 1,0 (ALAMEDA DOS AÇAÍS)
A11: 1.3 | B11: SICOR-SEINFRA | C11: ED-16350 | D11: =IFERROR(VLOOKUP($C11,SICOR_JULHO2025[],2,FALSE),IFERROR(VLOOKUP($C11,SICRO_JULHO2025[],2,FALSE),IFERROR(VLOOKUP($C11,SINAPI_SERV_SET2025[],2,FALSE),IFERROR(VLOOKUP($C11,SINAPI_INSUMOS_SET2025[],2,FALSE),IFERROR(VLOOKUP($C11,SUDECAP_SERVICOS_JUL2025[],2,FALSE),IFERROR(VLOOKUP($C11,SUDECAP_INSUMOS_JUL2025[],2,FALSE),"NÃO ENCONTRADO")))))) -> LOCAÇÃO DE CONTAINER COM ISOLAMENTO TÉRMICO, TIPO 3, PARA DEPÓSITO/FERRAMENTARIA DE OBRA, COM MEDIDAS REFERENCIAIS DE (6) METROS COMPRIMENTO, (2,3) METROS LARGURA E (2,5) METROS ALTURA ÚTIL INTERNA, INCLUSIVE LIGAÇÕES ELÉTRICAS INTERNAS, EXCLUSIVE MOBILIZAÇÃO/DESMOBILIZAÇÃO E LIGAÇÕES PROVISÓRIAS EXTERNAS | E11: =IFERROR(VLOOKUP($C11,SICOR_JULHO2025[],3,FALSE),IFERROR(VLOOKUP($C11,SICRO_JULHO2025[],3,FALSE),IFERROR(VLOOKUP($C11,SINAPI_SERV_SET2025[],3,FALSE),IFERROR(VLOOKUP($C11,SINAPI_INSUMOS_SET2025[],3,FALSE),IFERROR(VLOOKUP($C11,SUDECAP_SERVICOS_JUL2025[],3,FALSE),IFERROR(VLOOKUP($C11,SUDECAP_INSUMOS_JUL2025[],3,FALSE),"NÃO ENCONTRADO")))))) -> MÊS | F11: 7 | G11: PRAZO TOTAL DA OBRA
A12: 1.4 | B12: SICOR-SEINFRA | C12: ED-16358 | D12: =IFERROR(VLOOKUP($C12,SICOR_JULHO2025[],2,FALSE),IFERROR(VLOOKUP($C12,SICRO_JULHO2025[],2,FALSE),IFERROR(VLOOKUP($C12,SINAPI_SERV_SET2025[],2,FALSE),IFERROR(VLOOKUP($C12,SINAPI_INSUMOS_SET2025[],2,FALSE),IFERROR(VLOOKUP($C12,SUDECAP_SERVICOS_JUL2025[],2,FALSE),IFERROR(VLOOKUP($C12,SUDECAP_INSUMOS_JUL2025[],2,FALSE),"NÃO ENCONTRADO")))))) -> LIGAÇÕES PROVISÓRIAS PARA CONTAINER TIPO 3 (CORRESPONDENTE AO CÓDIGO ED-16350) | E12: =IFERROR(VLOOKUP($C12,SICOR_JULHO2025[],3,FALSE),IFERROR(VLOOKUP($C12,SICRO_JULHO2025[],3,FALSE),IFERROR(VLOOKUP($C12,SINAPI_SERV_SET2025[],3,FALSE),IFERROR(VLOOKUP($C12,SINAPI_INSUMOS_SET2025[],3,FALSE),IFERROR(VLOOKUP($C12,SUDECAP_SERVICOS_JUL2025[],3,FALSE),IFERROR(VLOOKUP($C12,SUDECAP_INSUMOS_JUL2025[],3,FALSE),"NÃO ENCONTRADO")))))) -> UN | F12: 3 | G12: 1,0 (RUA ARARA DA SERRA) + 1,0 (R. PEDRO MARQUES DE MORAIS) + 1,0 (ALAMEDA DOS AÇAÍS)
A13: 1.5 | B13: SICOR-SEINFRA | C13: ED-50155 | D13: =IFERROR(VLOOKUP($C13,SICOR_JULHO2025[],2,FALSE),IFERROR(VLOOKUP($C13,SICRO_JULHO2025[],2,FALSE),IFERROR(VLOOKUP($C13,SINAPI_SERV_SET2025[],2,FALSE),IFERROR(VLOOKUP($C13,SINAPI_INSUMOS_SET2025[],2,FALSE),IFERROR(VLOOKUP($C13,SUDECAP_SERVICOS_JUL2025[],2,FALSE),IFERROR(VLOOKUP($C13,SUDECAP_INSUMOS_JUL2025[],2,FALSE),"NÃO ENCONTRADO")))))) -> LOCAÇÃO DE BANHEIRO QUÍMICO, DIMENSÃO (110X120X230)CM, LINHA PADRÃO, CONTENDO UMA (1) PIA/HIGIENIZADOR DE MÃOS, INCLUSIVE MANUTENÇÃO E MOBILIZAÇÃO/DESMOBILIZAÇÃO | E13: =IFERROR(VLOOKUP($C13,SICOR_JULHO2025[],3,FALSE),IFERROR(VLOOKUP($C13,SICRO_JULHO2025[],3,FALSE),IFERROR(VLOOKUP($C13,SINAPI_SERV_SET2025[],3,FALSE),IFERROR(VLOOKUP($C13,SINAPI_INSUMOS_SET2025[],3,FALSE),IFERROR(VLOOKUP($C13,SUDECAP_SERVICOS_JUL2025[],3,FALSE),IFERROR(VLOOKUP($C13,SUDECAP_INSUMOS_JUL2025[],3,FALSE),"NÃO ENCONTRADO")))))) -> MÊS | F13: 7 | G13: PRAZO TOTAL DA OBRA | H13: =1566.72+(543.94*0.65) -> 1920.281
A14: 2.0 | D14: TERRAPLENAGEM
A15: 2.1 | B15: SICRO-DNIT | C15: 4413986 | D15: =IFERROR(VLOOKUP($C15,SICOR_JULHO2025[],2,FALSE),IFERROR(VLOOKUP($C15,SICRO_JULHO2025[],2,FALSE),IFERROR(VLOOKUP($C15,SINAPI_SERV_SET2025[],2,FALSE),IFERROR(VLOOKUP($C15,SINAPI_INSUMOS_SET2025[],2,FALSE),IFERROR(VLOOKUP($C15,SUDECAP_SERVICOS_JUL2025[],2,FALSE),IFERROR(VLOOKUP($C15,SUDECAP_INSUMOS_JUL2025[],2,FALSE),"NÃO ENCONTRADO")))))) -> REGULARIZAÇÃO DE SUPERFÍCIE COM MOTONIVELADORA | E15: =IFERROR(VLOOKUP($C15,SICOR_JULHO2025[],3,FALSE),IFERROR(VLOOKUP($C15,SICRO_JULHO2025[],3,FALSE),IFERROR(VLOOKUP($C15,SINAPI_SERV_SET2025[],3,FALSE),IFERROR(VLOOKUP($C15,SINAPI_INSUMOS_SET2025[],3,FALSE),IFERROR(VLOOKUP($C15,SUDECAP_SERVICOS_JUL2025[],3,FALSE),IFERROR(VLOOKUP($C15,SUDECAP_INSUMOS_JUL2025[],3,FALSE),"NÃO ENCONTRADO")))))) -> M2 | F15: =(298*6.3)+(92*6.3)+(1566.72+(543.94*0.65)) -> 4377.281 | G15: ALAMEDA DOS AÇAÍS: 298,0X 6,30 = 1877,40 RUA PEDRO MARQUES DE MORAIS: 92,0X 6,30 =579,60 RUA ARARAS DA SERRA: 1566,72+(543,94X0,65) =1920,28 | H15: =131+88+16+67 -> 302 | I15: =131+86+13+64 -> 294 | J15: =(H15+I15)/2 -> 298
A16: 2.2 | B16: SICRO-DNIT | C16: 4011209 | D16: =IFERROR(VLOOKUP($C16,SICOR_JULHO2025[],2,FALSE),IFERROR(VLOOKUP($C16,SICRO_JULHO2025[],2,FALSE),IFERROR(VLOOKUP($C16,SINAPI_SERV_SET2025[],2,FALSE),IFERROR(VLOOKUP($C16,SINAPI_INSUMOS_SET2025[],2,FALSE),IFERROR(VLOOKUP($C16,SUDECAP_SERVICOS_JUL2025[],2,FALSE),IFERROR(VLOOKUP($C16,SUDECAP_INSUMOS_JUL2025[],2,FALSE),"NÃO ENCONTRADO")))))) -> REGULARIZAÇÃO DO SUBLEITO - 100% PROCTOR INTERMEDIÁRIO | E16: =IFERROR(VLOOKUP($C16,SICOR_JULHO2025[],3,FALSE),IFERROR(VLOOKUP($C16,SICRO_JULHO2025[],3,FALSE),IFERROR(VLOOKUP($C16,SINAPI_SERV_SET2025[],3,FALSE),IFERROR(VLOOKUP($C16,SINAPI_INSUMOS_SET2025[],3,FALSE),IFERROR(VLOOKUP($C16,SUDECAP_SERVICOS_JUL2025[],3,FALSE),IFERROR(VLOOKUP($C16,SUDECAP_INSUMOS_JUL2025[],3,FALSE),"NÃO ENCONTRADO")))))) -> M2 | F16: =F15 -> 4377.281 | G16: ALAMEDA DOS AÇAÍS: 298,0X 6,30 = 1877,40 RUA PEDRO MARQUES DE MORAIS: 92,0X 6,30 =579,60 RUA ARARAS DA SERRA: 1566,72+(543,94X0,65) =1920,28 | H16: =44+50.62 -> 94.62 | I16: =39.3+47.19 -> 86.49 | J16: =(H16+I16)/2 -> 90.555
A17: 2.3 | B17: SICRO-DNIT | C17: 4011320 | D17: =IFERROR(VLOOKUP($C17,SICOR_JULHO2025[],2,FALSE),IFERROR(VLOOKUP($C17,SICRO_JULHO2025[],2,FALSE),IFERROR(VLOOKUP($C17,SINAPI_SERV_SET2025[],2,FALSE),IFERROR(VLOOKUP($C17,SINAPI_INSUMOS_SET2025[],2,FALSE),IFERROR(VLOOKUP($C17,SUDECAP_SERVICOS_JUL2025[],2,FALSE),IFERROR(VLOOKUP($C17,SUDECAP_INSUMOS_JUL2025[],2,FALSE),"NÃO ENCONTRADO")))))) -> BASE OU SUB-BASE ESTABILIZADA GRANULOMETRICAMENTE COM MISTURA SOLO BRITA (70% - 30%) NA PISTA COM MATERIAL DE JAZIDA E BRITA COMERCIAL - 100% PROCTOR MODIFICADO | E17: =IFERROR(VLOOKUP($C17,SICOR_JULHO2025[],3,FALSE),IFERROR(VLOOKUP($C17,SICRO_JULHO2025[],3,FALSE),IFERROR(VLOOKUP($C17,SINAPI_SERV_SET2025[],3,FALSE),IFERROR(VLOOKUP($C17,SINAPI_INSUMOS_SET2025[],3,FALSE),IFERROR(VLOOKUP($C17,SUDECAP_SERVICOS_JUL2025[],3,FALSE),IFERROR(VLOOKUP($C17,SUDECAP_INSUMOS_JUL2025[],3,FALSE),"NÃO ENCONTRADO")))))) -> M3 | F17: =F16*0.15 -> 656.59215 | G17: ALAMEDA DOS AÇAÍS: 298,0X 6,30 = 1877,40 X 0,15 = 281,61 RUA PEDRO MARQUES DE MORAIS: 92,0X 6,30 =579,60 X 0,15 = 86,94 RUA ARARAS DA SERRA: 1566,72+(543,94X0,65) =1920,28 X 0,15 = 288,04 | H17: EM PROJETO A ESPESSURA DA BASE É 15CM
A18: 2.4 | B18: SICRO-DNIT | C18: 5915321 | D18: =IFERROR(VLOOKUP($C18,SICOR_JULHO2025[],2,FALSE),IFERROR(VLOOKUP($C18,SICRO_JULHO2025[],2,FALSE),IFERROR(VLOOKUP($C18,SINAPI_SERV_SET2025[],2,FALSE),IFERROR(VLOOKUP($C18,SINAPI_INSUMOS_SET2025[],2,FALSE),IFERROR(VLOOKUP($C18,SUDECAP_SERVICOS_JUL2025[],2,FALSE),IFERROR(VLOOKUP($C18,SUDECAP_INSUMOS_JUL2025[],2,FALSE),"NÃO ENCONTRADO")))))) -> TRANSPORTE COM CAMINHÃO BASCULANTE DE 14 M3 - RODOVIA PAVIMENTADA | E18: =IFERROR(VLOOKUP($C18,SICOR_JULHO2025[],3,FALSE),IFERROR(VLOOKUP($C18,SICRO_JULHO2025[],3,FALSE),IFERROR(VLOOKUP($C18,SINAPI_SERV_SET2025[],3,FALSE),IFERROR(VLOOKUP($C18,SINAPI_INSUMOS_SET2025[],3,FALSE),IFERROR(VLOOKUP($C18,SUDECAP_SERVICOS_JUL2025[],3,FALSE),IFERROR(VLOOKUP($C18,SUDECAP_INSUMOS_JUL2025[],3,FALSE),"NÃO ENCONTRADO")))))) -> TKM | F18: =(281.61*0.3*1.4*55.6)+(86.94*0.3*1.4*54.6)+(288.04*0.3*1.4*69.7) -> 17001.948 | G18: ALAMEDA DOS AÇAÍS: 281,61 X 0,30 X 1,4 X 55,6 = 6.576,15672 RUA PEDRO MARQUES DE MORAIS: 86,94 X 0,30 X 1,4 X 54,60 = 1.993,70808 RUA ARARAS DA SERRA: 288,04 X 0,30 X 1,40 X 69,70 = 8.432,08296
A19: 3.0 | D19: PAVIMENTO INTERTRAVADO
A20: 3.1 | B20: SICOR-SEINFRA | C20: ED-8916 | D20: =IFERROR(VLOOKUP($C20,SICOR_JULHO2025[],2,FALSE),IFERROR(VLOOKUP($C20,SICRO_JULHO2025[],2,FALSE),IFERROR(VLOOKUP($C20,SINAPI_SERV_SET2025[],2,FALSE),IFERROR(VLOOKUP($C20,SINAPI_INSUMOS_SET2025[],2,FALSE),IFERROR(VLOOKUP($C20,SUDECAP_SERVICOS_JUL2025[],2,FALSE),IFERROR(VLOOKUP($C20,SUDECAP_INSUMOS_JUL2025[],2,FALSE),"NÃO ENCONTRADO")))))) -> EXECUÇÃO DE PAVIMENTO COM PISO INTERTRAVADO, TIPO RETANGULAR, ESP. 8CM, COM FCK DE 35MPA, INCLUSIVE COLCHÃO DE AREIA, ESP. 6CM, PARA ASSENTAMENTO, COMPACTAÇÃO MECANIZADA, CARGA E DESCARGA MECÂNICA EM CAMINHÃO, EXCLUSIVE TRANSPORTE DE PISO INTERTRAVADO | E20: =IFERROR(VLOOKUP($C20,SICOR_JULHO2025[],3,FALSE),IFERROR(VLOOKUP($C20,SICRO_JULHO2025[],3,FALSE),IFERROR(VLOOKUP($C20,SINAPI_SERV_SET2025[],3,FALSE),IFERROR(VLOOKUP($C20,SINAPI_INSUMOS_SET2025[],3,FALSE),IFERROR(VLOOKUP($C20,SUDECAP_SERVICOS_JUL2025[],3,FALSE),IFERROR(VLOOKUP($C20,SUDECAP_INSUMOS_JUL2025[],3,FALSE),"NÃO ENCONTRADO")))))) -> M2 | F20: 1566.72 | G20: RUA ARARAS DA SERRA - LEVANTAMENTO EM AUTOCAD
A21: 3.2 | B21: SICOR-SEINFRA | C21: ED-8914 | D21: =IFERROR(VLOOKUP($C21,SICOR_JULHO2025[],2,FALSE),IFERROR(VLOOKUP($C21,SICRO_JULHO2025[],2,FALSE),IFERROR(VLOOKUP($C21,SINAPI_SERV_SET2025[],2,FALSE),IFERROR(VLOOKUP($C21,SINAPI_INSUMOS_SET2025[],2,FALSE),IFERROR(VLOOKUP($C21,SUDECAP_SERVICOS_JUL2025[],2,FALSE),IFERROR(VLOOKUP($C21,SUDECAP_INSUMOS_JUL2025[],2,FALSE),"NÃO ENCONTRADO")))))) -> EXECUÇÃO DE PAVIMENTO COM PISO INTERTRAVADO, TIPO SEXTAVADO, ESP. 8CM, COM FCK DE 35MPA, INCLUSIVE COLCHÃO DE AREIA, ESP. 6CM, PARA ASSENTAMENTO, COMPACTAÇÃO MECANIZADA, CARGA E DESCARGA MECÂNICA EM CAMINHÃO, EXCLUSIVE TRANSPORTE DE PISO INTERTRAVADO | E21: =IFERROR(VLOOKUP($C21,SICOR_JULHO2025[],3,FALSE),IFERROR(VLOOKUP($C21,SICRO_JULHO2025[],3,FALSE),IFERROR(VLOOKUP($C21,SINAPI_SERV_SET2025[],3,FALSE),IFERROR(VLOOKUP($C21,SINAPI_INSUMOS_SET2025[],3,FALSE),IFERROR(VLOOKUP($C21,SUDECAP_SERVICOS_JUL2025[],3,FALSE),IFERROR(VLOOKUP($C21,SUDECAP_INSUMOS_JUL2025[],3,FALSE),"NÃO ENCONTRADO")))))) -> M2 | F21: =(298*5)+(92*5) -> 1950 | G21: ALAMEDA DOS AÇAÍS: 298,0x5,00 = 1490,00 R. PEDRO MARQUES DE MORAIS: 92,0x5,00= 460,0
A22: 3.3 | B22: SICOR-SEINFRA | C22: ED-7423 | D22: =IFERROR(VLOOKUP($C22,SICOR_JULHO2025[],2,FALSE),IFERROR(VLOOKUP($C22,SICRO_JULHO2025[],2,FALSE),IFERROR(VLOOKUP($C22,SINAPI_SERV_SET2025[],2,FALSE),IFERROR(VLOOKUP($C22,SINAPI_INSUMOS_SET2025[],2,FALSE),IFERROR(VLOOKUP($C22,SUDECAP_SERVICOS_JUL2025[],2,FALSE),IFERROR(VLOOKUP($C22,SUDECAP_INSUMOS_JUL2025[],2,FALSE),"NÃO ENCONTRADO")))))) -> TRANSPORTE DE PISO INTERTRAVADO, EM CAMINHÃO, TRAÇÃO 6X2, TIPO TRUCADO, PESO BRUTO TOTAL (PBT) DE 23.000KG, COM GUINDASTE ARTICULADO, MOMENTO DE CARGA MÁXIMO DE 10TXM, E CARROCERIA DE CARGA SECA, COM CAPACIDADE DE 14T, EM RODOVIA COM LEITO NATURAL, EXCLUSIVE MANOBRA, CARGA E DESCARGA | E22: =IFERROR(VLOOKUP($C22,SICOR_JULHO2025[],3,FALSE),IFERROR(VLOOKUP($C22,SICRO_JULHO2025[],3,FALSE),IFERROR(VLOOKUP($C22,SINAPI_SERV_SET2025[],3,FALSE),IFERROR(VLOOKUP($C22,SINAPI_INSUMOS_SET2025[],3,FALSE),IFERROR(VLOOKUP($C22,SUDECAP_SERVICOS_JUL2025[],3,FALSE),IFERROR(VLOOKUP($C22,SUDECAP_INSUMOS_JUL2025[],3,FALSE),"NÃO ENCONTRADO")))))) -> TXKM | F22: =F20*0.18*22.8 -> 6429.8189 | G22: RUA ARARAS DA SERRA : ((1566,72x0,18) x 22,8 = 6429,82 | H22: DE ACORDO COM OS CROQUIS A DMT MEDIANA SERIA 22,8; A MÉDIA SERIA 22,5; NÃO ENCONTRAMOS O VALOR DE 22 ADOTADO PELO MUNICÍPIO
A23: 3.4 | B23: SICOR-SEINFRA | C23: ED-7425 | D23: =IFERROR(VLOOKUP($C23,SICOR_JULHO2025[],2,FALSE),IFERROR(VLOOKUP($C23,SICRO_JULHO2025[],2,FALSE),IFERROR(VLOOKUP($C23,SINAPI_SERV_SET2025[],2,FALSE),IFERROR(VLOOKUP($C23,SINAPI_INSUMOS_SET2025[],2,FALSE),IFERROR(VLOOKUP($C23,SUDECAP_SERVICOS_JUL2025[],2,FALSE),IFERROR(VLOOKUP($C23,SUDECAP_INSUMOS_JUL2025[],2,FALSE),"NÃO ENCONTRADO")))))) -> TRANSPORTE DE PISO INTERTRAVADO, EM CAMINHÃO, TRAÇÃO 6X2, TIPO TRUCADO, PESO BRUTO TOTAL (PBT) DE 23.000KG, COM GUINDASTE ARTICULADO, MOMENTO DE CARGA MÁXIMO DE 10TXM, E CARROCERIA DE CARGA SECA, COM CAPACIDADE DE 14T, EM RODOVIA PAVIMENTADA, EXCLUSIVE MANOBRA, CARGA E DESCARGA | E23: =IFERROR(VLOOKUP($C23,SICOR_JULHO2025[],3,FALSE),IFERROR(VLOOKUP($C23,SICRO_JULHO2025[],3,FALSE),IFERROR(VLOOKUP($C23,SINAPI_SERV_SET2025[],3,FALSE),IFERROR(VLOOKUP($C23,SINAPI_INSUMOS_SET2025[],3,FALSE),IFERROR(VLOOKUP($C23,SUDECAP_SERVICOS_JUL2025[],3,FALSE),IFERROR(VLOOKUP($C23,SUDECAP_INSUMOS_JUL2025[],3,FALSE),"NÃO ENCONTRADO")))))) -> TXKM | F23: =(1490*0.18*1.8)+(460*0.18*1.2) -> 582.12 | G23: ALAMEDA DOS AÇAÍS: 1490,00 X 0,18 X 1,80 = 482,76 R. PEDRO MARQUES DE MORAIS: 460,0 X 0,18 X 1,20 = 99,36 | H23: SUGERE-SE A ADOÇÃO DA DMT MEDIANA OU DA MENOR
A24: 3.5 | B24: SICOR-SEINFRA | C24: ED-51139 | D24: =IFERROR(VLOOKUP($C24,SICOR_JULHO2025[],2,FALSE),IFERROR(VLOOKUP($C24,SICRO_JULHO2025[],2,FALSE),IFERROR(VLOOKUP($C24,SINAPI_SERV_SET2025[],2,FALSE),IFERROR(VLOOKUP($C24,SINAPI_INSUMOS_SET2025[],2,FALSE),IFERROR(VLOOKUP($C24,SUDECAP_SERVICOS_JUL2025[],2,FALSE),IFERROR(VLOOKUP($C24,SUDECAP_INSUMOS_JUL2025[],2,FALSE),"NÃO ENCONTRADO")))))) -> GUIA DE MEIO-FIO, EM CONCRETO COM FCK 20MPA, PRÉ-MOLDADA, MFC-01 PADRÃO DER-MG, DIMENSÕES (12X16,7X35)CM, EXCLUSIVE SARJETA, INCLUSIVE ESCAVAÇÃO, APILOAMENTO E TRANSPORTE COM RETIRADA DO MATERIAL ESCAVADO (EM CAÇAMBA) | E24: =IFERROR(VLOOKUP($C24,SICOR_JULHO2025[],3,FALSE),IFERROR(VLOOKUP($C24,SICRO_JULHO2025[],3,FALSE),IFERROR(VLOOKUP($C24,SINAPI_SERV_SET2025[],3,FALSE),IFERROR(VLOOKUP($C24,SINAPI_INSUMOS_SET2025[],3,FALSE),IFERROR(VLOOKUP($C24,SUDECAP_SERVICOS_JUL2025[],3,FALSE),IFERROR(VLOOKUP($C24,SUDECAP_INSUMOS_JUL2025[],3,FALSE),"NÃO ENCONTRADO")))))) -> M | F24: =12.6+12.6+36.8 -> 62 | G24: ALAMEDA DOS AÇAÍS: 2 X 6,30 = 12,60 R. PEDRO MARQUES DE MORAIS:2 X 6,30 = 12,60 R. ARARAS DA SERRA: 6,30+6,30+6,30+8,00+6,30+6,30 = 36,80
A25: 4.0 | D25: MEIO-FIO E SARJETA
A26: 4.1 | B26: SICOR-SEINFRA | C26: ED-51139 | D26: =IFERROR(VLOOKUP($C26,SICOR_JULHO2025[],2,FALSE),IFERROR(VLOOKUP($C26,SICRO_JULHO2025[],2,FALSE),IFERROR(VLOOKUP($C26,SINAPI_SERV_SET2025[],2,FALSE),IFERROR(VLOOKUP($C26,SINAPI_INSUMOS_SET2025[],2,FALSE),IFERROR(VLOOKUP($C26,SUDECAP_SERVICOS_JUL2025[],2,FALSE),IFERROR(VLOOKUP($C26,SUDECAP_INSUMOS_JUL2025[],2,FALSE),"NÃO ENCONTRADO")))))) -> GUIA DE MEIO-FIO, EM CONCRETO COM FCK 20MPA, PRÉ-MOLDADA, MFC-01 PADRÃO DER-MG, DIMENSÕES (12X16,7X35)CM, EXCLUSIVE SARJETA, INCLUSIVE ESCAVAÇÃO, APILOAMENTO E TRANSPORTE COM RETIRADA DO MATERIAL ESCAVADO (EM CAÇAMBA) | E26: =IFERROR(VLOOKUP($C26,SICOR_JULHO2025[],3,FALSE),IFERROR(VLOOKUP($C26,SICRO_JULHO2025[],3,FALSE),IFERROR(VLOOKUP($C26,SINAPI_SERV_SET2025[],3,FALSE),IFERROR(VLOOKUP($C26,SINAPI_INSUMOS_SET2025[],3,FALSE),IFERROR(VLOOKUP($C26,SUDECAP_SERVICOS_JUL2025[],3,FALSE),IFERROR(VLOOKUP($C26,SUDECAP_INSUMOS_JUL2025[],3,FALSE),"NÃO ENCONTRADO")))))) -> M | F26: =596+184+543.94 -> 1323.94 | G26: ALAMEDA DOS AÇAÍS: 131,00+88,00+16,00+67,00+131,00+86,00+13,00+64,00 = 596 R. PEDRO MARQUES DE MORAIS: 44,00+51,00+41,00+48,00 = 184,00 R. ARARAS DA SERRA: 27,10+26,20+16,30+58,20+3,22+2,50+2,96+1,16+39,90+51,50+38,30+38,30+9,40+11,30+4,90+3,50+3,50+4,20+25,40+109,10++15,00+25,10+26,90 = 543,94
A27: 4.2 | B27: SICOR-SEINFRA | C27: ED-14762 | D27: =IFERROR(VLOOKUP($C27,SICOR_JULHO2025[],2,FALSE),IFERROR(VLOOKUP($C27,SICRO_JULHO2025[],2,FALSE),IFERROR(VLOOKUP($C27,SINAPI_SERV_SET2025[],2,FALSE),IFERROR(VLOOKUP($C27,SINAPI_INSUMOS_SET2025[],2,FALSE),IFERROR(VLOOKUP($C27,SUDECAP_SERVICOS_JUL2025[],2,FALSE),IFERROR(VLOOKUP($C27,SUDECAP_INSUMOS_JUL2025[],2,FALSE),"NÃO ENCONTRADO")))))) -> SARJETA DE CONCRETO URBANO (SCU), TIPO 1, COM FCK 15 MPA, LARGURA DE 50CM COM INCLINAÇÃO DE 3%, ESP. 7CM, PADRÃO DER-MG, EXCLUSIVE MEIO-FIO, INCLUSIVE ESCAVAÇÃO, APILAOMENTO E TRANSPORTE COM RETIRADA DO MATERIAL ESCAVADO (EM CAÇAMBA) | E27: =IFERROR(VLOOKUP($C27,SICOR_JULHO2025[],3,FALSE),IFERROR(VLOOKUP($C27,SICRO_JULHO2025[],3,FALSE),IFERROR(VLOOKUP($C27,SINAPI_SERV_SET2025[],3,FALSE),IFERROR(VLOOKUP($C27,SINAPI_INSUMOS_SET2025[],3,FALSE),IFERROR(VLOOKUP($C27,SUDECAP_SERVICOS_JUL2025[],3,FALSE),IFERROR(VLOOKUP($C27,SUDECAP_INSUMOS_JUL2025[],3,FALSE),"NÃO ENCONTRADO")))))) -> M | F27: =596+184+543.94 -> 1323.94 | G27: ALAMEDA DOS AÇAÍS: 131,00+88,00+16,00+67,00+131,00+86,00+13,00+64,00 = 596 R. PEDRO MARQUES DE MORAIS: 44,00+51,00+41,00+48,00 = 184,00 R. ARARAS DA SERRA: 27,10+26,20+16,30+58,20+3,22+2,50+2,96+1,16+39,90+51,50+38,30+38,30+9,40+11,30+4,90+3,50+3,50+4,20+25,40+109,10++15,00+25,10+26,90 = 543,94 | H27: =27.1+26.2+16.3+58.2+3.22+2.5+2.96+1.16+39.9+51.5+38.3+38.3+9.4+11.3+4.9+3.5+3.5+4.2+25.4+109.1+15+25.1+26.9 -> 543.94 | I27: =44+51+41+48 -> 184 | J27: =27.1+26.2+16.3+58.2+2.5+2.5+39.9+51.5+38.3+38.3+9.4+11.3+4.9+3.5+3.5+4.2+25.4+109.1+15+25.1+26.9 -> 539.1 | L27: =543.94*0.3 -> 163.182 | M27: 1566.7258 | N27: =L27+M27 -> 1729.9078
A28: 5.0 | D28: SINALIZAÇÃO VERTICAL
A29: 5.1 | B29: SICRO-DNIT | C29: 5213447 | D29: =IFERROR(VLOOKUP($C29,SICOR_JULHO2025[],2,FALSE),IFERROR(VLOOKUP($C29,SICRO_JULHO2025[],2,FALSE),IFERROR(VLOOKUP($C29,SINAPI_SERV_SET2025[],2,FALSE),IFERROR(VLOOKUP($C29,SINAPI_INSUMOS_SET2025[],2,FALSE),IFERROR(VLOOKUP($C29,SUDECAP_SERVICOS_JUL2025[],2,FALSE),IFERROR(VLOOKUP($C29,SUDECAP_INSUMOS_JUL2025[],2,FALSE),"NÃO ENCONTRADO")))))) -> PLACA DE REGULAMENTAÇÃO EM AÇO, R1 LADO 0,497 M - PELÍCULA RETRORREFLETIVA TIPO III + SI - FORNECIMENTO E IMPLANTAÇÃO | E29: =IFERROR(VLOOKUP($C29,SICOR_JULHO2025[],3,FALSE),IFERROR(VLOOKUP($C29,SICRO_JULHO2025[],3,FALSE),IFERROR(VLOOKUP($C29,SINAPI_SERV_SET2025[],3,FALSE),IFERROR(VLOOKUP($C29,SINAPI_INSUMOS_SET2025[],3,FALSE),IFERROR(VLOOKUP($C29,SUDECAP_SERVICOS_JUL2025[],3,FALSE),IFERROR(VLOOKUP($C29,SUDECAP_INSUMOS_JUL2025[],3,FALSE),"NÃO ENCONTRADO")))))) -> UN | F29: 3 | G29: 1,0 UNI. NA ALAMEDA DOS AÇAÍS, 1,0 UNI. NA R. PEDRO MARQUES DE MORAIS, 1,0 UNI. NA RUA ARARA DA SERRA
A30: 5.2 | B30: SICRO-DNIT | C30: 5213858 | D30: =IFERROR(VLOOKUP($C30,SICOR_JULHO2025[],2,FALSE),IFERROR(VLOOKUP($C30,SICRO_JULHO2025[],2,FALSE),IFERROR(VLOOKUP($C30,SINAPI_SERV_SET2025[],2,FALSE),IFERROR(VLOOKUP($C30,SINAPI_INSUMOS_SET2025[],2,FALSE),IFERROR(VLOOKUP($C30,SUDECAP_SERVICOS_JUL2025[],2,FALSE),IFERROR(VLOOKUP($C30,SUDECAP_INSUMOS_JUL2025[],2,FALSE),"NÃO ENCONTRADO")))))) -> SUPORTE METÁLICO GALVANIZADO PARA PLACA DE REGULAMENTAÇÃO - R1 - LADO DE 0,497 M - FORNECIMENTO E IMPLANTAÇÃO | E30: =IFERROR(VLOOKUP($C30,SICOR_JULHO2025[],3,FALSE),IFERROR(VLOOKUP($C30,SICRO_JULHO2025[],3,FALSE),IFERROR(VLOOKUP($C30,SINAPI_SERV_SET2025[],3,FALSE),IFERROR(VLOOKUP($C30,SINAPI_INSUMOS_SET2025[],3,FALSE),IFERROR(VLOOKUP($C30,SUDECAP_SERVICOS_JUL2025[],3,FALSE),IFERROR(VLOOKUP($C30,SUDECAP_INSUMOS_JUL2025[],3,FALSE),"NÃO ENCONTRADO")))))) -> UN | F30: 3 | G30: 1,0 UNI. NA ALAMEDA DOS AÇAÍS, 1,0 UNI. NA R. PEDRO MARQUES DE MORAIS, 1,0 UNI. NA RUA ARARA DA SERRA
A31: 5.3 | B31: - | C31: CPU-001 | D31: PLACA DE IDENTIFICAÇÃO DE LOGRADOURO | E31: UN | F31: 6 | G31: 2,0 UNI. NA ALAMEDA DOS AÇAÍS,2,0 UNI. NA R. PEDRO MARQUES DE MORAIS, 2,0 UNI. NA RUA ARARA DA SERRA
A32: 6.0 | D32: MOBILIZAÇÃO E DESMOBILIZAÇÃO DE OBRA
A33: 6.1 | B33: SICOR-SEINFRA | C33: ED-50392 | D33: MOBILIZAÇÃO E DESMOBILIZAÇÃO DE OBRA EM CENTRO URBANO OU REGIÃO LIMÍTROFE COM VALOR ATÉ 1.000.000,00 | E33: %
A34: TOTAL
A35: TOTAL DA OBRA C/ BDI
D40: ='Planilha Orçamentária'!D42 -> RICARDO SANTOS SOARES | G40: RACLY ARAUJO ANDRADE
D41: ='Planilha Orçamentária'!D43 -> CREA 160878/D | G41: Prefeito Municipal de Jaboticatubas

Sheet Cronograma
A2: CRONOGRAMA FÍSICO-FINANCEIRO | E2: DATA: | G2: =TODAY() -> 46056
A3: ='Planilha Orçamentária'!A3:K3 -> PREFEITURA MUNICIPAL DE JABOTICATUBAS | E3: VALOR DO CONVÊNIO: | G3: =D20 -> 789470.88
A4: ='Planilha Orçamentária'!A4:E4 -> OBRA: CALÇAMENTO EM PAVIMENTO INTERTRAVADO | E4: PRAZO PREVISTO PARA EXECUÇÃO DA OBRA:
A5: ='Planilha Orçamentária'!A5:K5 -> LOCAL: RUA ARARA DA SERRA - DISTRITO DE SÃO JOSÉ DA SERRA, R. PEDRO MARQUES DE MORAIS - BAIRRO SANTO ANTÔNIO E ALAMEDA DOS AÇAÍS - BOSQUE DOS COQUEIROS
A6: ITEM | B6: ETAPAS/DESCRIÇÃO | C6: FÍSICO/ FINANCEIRO | D6: TOTAL ETAPAS | E6: MÊS 1 | F6: MÊS 2 | G6: MÊS 3 | H6: MÊS 4 | I6: MÊS 5 | J6: MÊS 6 | K6: MÊS 7
A7: 1.0 | B7: ='Planilha Orçamentária'!D10 -> SERVIÇOS PRELIMINARES | C7: Físico % | D7: =D8/$D$20 -> 0.034356961 | E7: 0.5 | F7: 0.5 | G7: 0 | H7: 0 | I7: 0 | J7: 0 | K7: 0
C8: Financeiro | D8: ='Planilha Orçamentária'!K10 -> 27123.82 | E8: =E7*$D$8 -> 13561.91 | F8: =F7*$D$8 -> 13561.91 | G8: =G7*$D$8 -> 0 | H8: =H7*$D$8 -> 0 | I8: =I7*$D$8 -> 0 | J8: =J7*$D$8 -> 0 | K8: =K7*$D$8 -> 0
A9: 2.0 | B9: ='Planilha Orçamentária'!D16 -> TERRAPLENAGEM | C9: Físico % | D9: =D10/$D$20 -> 0.12064539 | E9: 0.2 | F9: 0.3 | G9: 0.3 | H9: 0.2
C10: Financeiro | D10: ='Planilha Orçamentária'!K16 -> 95246.02 | E10: =E9*$D$10 -> 19049.204 | F10: =F9*$D$10 -> 28573.806 | G10: =G9*$D$10 -> 28573.806 | H10: =H9*$D$10 -> 19049.204 | I10: =I9*$D$10 -> 0 | J10: =J9*$D$10 -> 0 | K10: =K9*$D$10 -> 0
A11: 3.0 | B11: ='Planilha Orçamentária'!D21 -> PAVIMENTO INTERTRAVADO | C11: Físico % | D11: =D12/$D$20 -> 0.57434326 | G11: 0.2 | H11: 0.2 | I11: 0.2 | J11: 0.2 | K11: 0.2
C12: Financeiro | D12: ='Planilha Orçamentária'!K21 -> 453427.28 | E12: =E11*$D$12 -> 0 | F12: =F11*$D$12 -> 0 | G12: =G11*$D$12 -> 90685.456 | H12: =H11*$D$12 -> 90685.456 | I12: =I11*$D$12 -> 90685.456 | J12: =J11*$D$12 -> 90685.456 | K12: =K11*$D$12 -> 90685.456
A13: 4.0 | B13: ='Planilha Orçamentária'!D27 -> MEIO-FIO E SARJETA | C13: Físico % | D13: =D14/$D$20 -> 0.25844196 | F13: 0.2 | G13: 0.2 | H13: 0.2 | I13: 0.2 | J13: 0.2
C14: Financeiro | D14: ='Planilha Orçamentária'!K27 -> 204032.4 | E14: =E13*$D$14 -> 0 | F14: =F13*$D$14 -> 40806.48 | G14: =G13*$D$14 -> 40806.48 | H14: =H13*$D$14 -> 40806.48 | I14: =I13*$D$14 -> 40806.48 | J14: =J13*$D$14 -> 40806.48 | K14: =K13*$D$14 -> 0
A15: 5.0 | B15: ='Planilha Orçamentária'!D30 -> SINALIZAÇÃO VERTICAL | C15: Físico % | D15: =D16/$D$20 -> 0.0072376197 | K15: 1
C16: Financeiro | D16: ='Planilha Orçamentária'!K30 -> 5713.89 | E16: =E15*$D$16 -> 0 | F16: =F15*$D$16 -> 0 | G16: =G15*$D$16 -> 0 | H16: =H15*$D$16 -> 0 | I16: =I15*$D$16 -> 0 | J16: =J15*$D$16 -> 0 | K16: =K15*$D$16 -> 5713.89
A17: 6.0 | B17: ='Planilha Orçamentária'!D34 -> MOBILIZAÇÃO E DESMOBILIZAÇÃO DE OBRA | C17: Físico % | D17: =D18/$D$20 -> 0.004974813 | E17: 1
C18: Financeiro | D18: ='Planilha Orçamentária'!K34 -> 3927.47 | E18: =E17*$D$18 -> 3927.47 | F18: =F17*$D$18 -> 0 | G18: =G17*$D$18 -> 0 | H18: =H17*$D$18 -> 0 | I18: =I17*$D$18 -> 0 | J18: =J17*$D$18 -> 0 | K18: =K17*$D$18 -> 0
A19: TOTAL | C19: Físico % | D19: =D7+D9+D11+D13+D15+D17 -> 1 | E19: =E20/$D$20 -> 0.046282371 | F19: =F20/$D$20 -> 0.10506049 | G19: =G20/$D$20 -> 0.20275066 | H19: =H20/$D$20 -> 0.19068612 | I19: =I20/$D$20 -> 0.16655704 | J19: =J20/$D$20 -> 0.16655704 | K19: =K20/$D$20 -> 0.12210627
C20: Financeiro | D20: =D8+D10+D12+D14+D16+D18 -> 789470.88 | E20: =E8+E10+E12+E14+E16+E18 -> 36538.584 | F20: =F8+F10+F12+F14+F16+F18 -> 82942.196 | G20: =G8+G10+G12+G14+G16+G18 -> 160065.74 | H20: =H8+H10+H12+H14+H16+H18 -> 150541.14 | I20: =I8+I10+I12+I14+I16+I18 -> 131491.94 | J20: =J8+J10+J12+J14+J16+J18 -> 131491.94 | K20: =K8+K10+K12+K14+K16+K18 -> 96399.346
B24: ='Planilha Orçamentária'!D42 -> RICARDO SANTOS SOARES
B25: ='Planilha Orçamentária'!D43 -> CREA 160878/D
B26: ='Planilha Orçamentária'!D44 -> 0
B30: RACLY ARAUJO ANDRADE
B31: Prefeito Municipal de Jaboticatubas

Sheet BDI-SEM DESONERAÇÃO
A1: DEMONSTRATIVO DO BDI - SEM DESONERAÇÃO - OBRA RODOVIÁRIA
A3: BDI (CONFORME ACÓRDÃO Nº 2622/13 e LEI Nº 13.161 DE 31/08/15)
A4: DISCRIMINAÇÃO DAS PARCELAS | B4: SIG. (1) | C4: CONSTRUÇÃO DE RODOVIAS E FERROVIAS | J4: INC. (6)
C5: ISS (2) | G5: DIFERENCIADO
C6: 0.02 | D6: 0.03 | E6: 0.04 | F6: 0.05 | G6: MATERIAL (5) | H6: SERVIÇO TERCEIRIZADO (4) (ISS=5%) | I6: EQUIPAMENTO (3) (ISS=5%)
A7: CUSTO DIRETO | B7: CD | C7: 1 | D7: 1 | E7: 1 | F7: 1 | G7: 1 | H7: 1 | I7: 1
A8: ADMINISTRAÇÃO CENTRAL | B8: AC | C8: 0.0467 | D8: 0.0467 | E8: 0.0467 | F8: 0.0467 | G8: 0.0342 | H8: 0.0401 | I8: 0.0342 | J8: CD
A9: LUCRO BRUTO | B9: L | C9: 0.0753 | D9: 0.0753 | E9: 0.0753 | F9: 0.0753 | G9: 0.0494 | H9: 0.0664 | I9: 0.0494 | J9: CD
A10: DESPESAS FINANCEIRAS | B10: DF | C10: 0.010477 | D10: 0.010477 | E10: 0.010477 | F10: 0.010477 | G10: 0.010477 | H10: 0.010477 | I10: 0.010477 | J10: CD
A11: SEGUROS, GARANTIAS E RISCO | C11: =SUM(C12:C13) -> 0.0171 | D11: =SUM(D12:D13) -> 0.0171 | E11: =SUM(E12:E13) -> 0.0171 | F11: =SUM(F12:F13) -> 0.0171 | G11: =SUM(G12:G13) -> 0.0129 | H11: =SUM(H12:H13) -> 0.0082 | I11: =SUM(I12:I13) -> 0.0129 | J11: CD
A12: SEGUROS + GARANTIAS | B12: S | C12: 0.0074 | D12: 0.0074 | E12: 0.0074 | F12: 0.0074 | G12: 0.0053 | H12: 0.0032 | I12: 0.0053 | J12: CD
A13: RISCO(*) | B13: R | C13: 0.0097 | D13: 0.0097 | E13: 0.0097 | F13: 0.0097 | G13: 0.0076 | H13: 0.005 | I13: 0.0076 | J13: CD
A14: TRIBUTOS | B14: I | C14: =SUM(C15:C17) -> 0.0505 | D14: =SUM(D15:D17) -> 0.0575 | E14: =SUM(E15:E17) -> 0.0645 | F14: =SUM(F15:F17) -> 0.0715 | G14: =SUM(G15:G17) -> 0.0365 | H14: =SUM(H15:H17) -> 0.0615 | I14: =SUM(I15:I17) -> 0.0615 | J14: PV
A15: ISS | B15: ISS(2) | C15: 0.014 | D15: 0.021 | E15: 0.028 | F15: 0.035 | G15: - | H15: 0.025 | I15: 0.025 | J15: PV
A16: PIS | B16: PIS | C16: 0.0065 | D16: 0.0065 | E16: 0.0065 | F16: 0.0065 | G16: 0.0065 | H16: 0.0065 | I16: 0.0065 | J16: PV
A17: COFINS | B17: - | C17: 0.03 | D17: 0.03 | E17: 0.03 | F17: 0.03 | G17: 0.03 | H17: 0.03 | I17: 0.03 | J17: PV
A18: CPRB (7) | B18: INSS | C18: 0 | D18: 0 | E18: 0 | F18: 0 | G18: 0 | H18: 0 | I18: 0 | J18: PV
A20: FÓRMULA DO BDI | C20: (1 + (AC + S + G + R)) x (1 + DF) x (1 + L)
C21: (1 - (I + CPRB))
A22: BDI (NUMERADOR) | C22: =(1+(C8+C11))*(1+C10)*(1+C9)-1 -> 0.15588882 | D22: =(1+(D8+D11))*(1+D10)*(1+D9)-1 -> 0.15588882 | E22: =(1+(E8+E11))*(1+E10)*(1+E9)-1 -> 0.15588882 | F22: =(1+(F8+F11))*(1+F10)*(1+F9)-1 -> 0.15588882 | G22: =(1+(G8+G11))*(1+G10)*(1+G9)-1 -> 0.11033915 | H22: =(1+(H8+H11))*(1+H10)*(1+H9)-1 -> 0.12961943 | I22: =(1+(I8+I11))*(1+I10)*(1+I9)-1 -> 0.11033915
A23: BDI (DENOMINADOR) | C23: =(1-(C14+C18)) -> 0.9495 | D23: =(1-(D14+D18)) -> 0.9425 | E23: =(1-(E14+E18)) -> 0.9355 | F23: =(1-(F14+F18)) -> 0.9285 | G23: =(1-(G14+G18)) -> 0.9635 | H23: =(1-(H14+H18)) -> 0.9385 | I23: =(1-(I14+I18)) -> 0.9385
A24: BDI | C24: =ROUND((1+C22)/C23-1,4) -> 0.2174 | D24: =ROUND((1+D22)/D23-1,4) -> 0.2264 | E24: =ROUND((1+E22)/E23-1,4) -> 0.2356 | F24: =ROUND((1+F22)/F23-1,4) -> 0.2449 | G24: =ROUND((1+G22)/G23-1,4) -> 0.1524 | H24: =(1+H22)/H23-1 -> 0.20364351 | I24: =(1+I22)/I23-1 -> 0.18309978
A25: OBSERVAÇÕES
A26: (1) SIGLA. (2) INCIDÊNCIA DE ISS EM 70% DO PREÇO DE VENDA, COM PERCENTUAIS DE 2%, 3%, 4% E 5%. (3) BDI DIFERENCIADO A SER APLICADO EM LOCAÇÃO DE CUSTO HORÁRIO DE EQUIPAMENTO. (4) BDI DIFERENCIADO A SER APLICADO PARA SERVIÇOS TERCEIRIZADOS. (5) BDI DIFERENCIADO A SER APLICADO PARA FORNECIMENTO DE MATERIAL BETUMINOSO E MATERIAL DE JAZIDA. (6) INCIDÊNCIA. (7) TRANSIÇÃO DESONERAÇÃO LEI Nº 14.973, DE 16 DE SETEMBRO DE 2024.
A27: *Informamos que está em análise o pleito apresentado pelo Ofício nº 042/24-S, do Sindicato da Indústria da Construção Pesada de Minas Gerais (SICEPOT-MG), referente ao posicionamento do colegiado da Segunda Turma do Superior Tribunal de Justiça (STJ), no AREsp nº 2.486.358/SP, relatado pelo Ministro Herman Benjamin, julgado em 13/05/2024, com publicação no DJe de 29/05/2024, que versa sobre a aplicação da dedução na base de cálculo do Imposto Sobre Serviços de Qualquer Natureza (ISSQN).

Sheet Aferição de Áreas 
A2: QUADRO DE AFERIÇÃO DE ÁREAS
A3: ='Planilha Orçamentária'!A3:K3 -> PREFEITURA MUNICIPAL DE JABOTICATUBAS
A4: ='Planilha Orçamentária'!A4:E4 -> OBRA: CALÇAMENTO EM PAVIMENTO INTERTRAVADO
A5: ='Planilha Orçamentária'!A5:K5 -> LOCAL: RUA ARARA DA SERRA - DISTRITO DE SÃO JOSÉ DA SERRA, R. PEDRO MARQUES DE MORAIS - BAIRRO SANTO ANTÔNIO E ALAMEDA DOS AÇAÍS - BOSQUE DOS COQUEIROS
B6: RUA ARARA DA SERRA | C6: =ROUNDDOWN(C7+C8,2) -> 15667258 | D6: =ROUNDDOWN(C6/10000,2) -> 1566.72
C7: 13036616 | D7: =C7/10000 -> 1303.6616
C8: 2630641.9 | D8: =C8/10000 -> 263.06419
B12: ='Planilha Orçamentária'!D42 -> RICARDO SANTOS SOARES
B13: ='Planilha Orçamentária'!D43 -> CREA 160878/D
B14: ='Planilha Orçamentária'!D44 -> 0

Sheet SICOR-JULHO-2025
A1: CÓDIGO | B1: DESCRIÇÃO DO SERVIÇO | C1: UNIDADE | D1: CUSTO UNITÁRIO
A2: 8663 | B2: SERVIÇOS PRELIMINARES
A3: 8702 | B3: LIMPEZA DO TERRENO
A4: ED-50701 | B4: CAPINA MANUAL DO TERRENO, EXCLUSIVE RASTELAMENTO E QUEIMA | C4: M2 | D4: 1.51
A5: ED-28163 | B5: DESTOCAMENTO E AFASTAMENTO DE REMANESCENTE ARBÓREO, INCLUSIVE TRANSPORTE COM RETIRADA DO MATERIAL DESTOCADO (EM CAÇAMBA) | C5: UN | D5: 488.64
A6: ED-50703 | B6: LIMPEZA DE TERRENO, INCLUSIVE CAPINA, RASTELAMENTO COM AFASTAMENTO ATÉ VINTE (20) METROS E QUEIMA CONTROLADA | C6: M2 | D6: 2.68
A7: ED-8143 | B7: RASTELAMENTO DE ÁREA COM AFASTAMENTO DE ATÉ VINTE (20) METROS, EXCLUSIVE CAPINA OU ROÇADA MANUAL | C7: M2 | D7: 1.01
A8: ED-28162 | B8: ROÇADA MANUAL DE TERRENO COM ROÇADEIRA COSTAL, EXCLUSIVE RASTELAMENTO E QUEIMA | C8: M2 | D8: 0.3
A9: 8703 | B9: DESMATAMENTO E DESTOCAMENTO
A10: ED-50702 | B10: DESMATAMENTO, DESTOCAMENTO E LIMPEZA, INCLUSIVE TRANSPORTE ATÉ CINQUENTA (50) METROS | C10: M2 | D10: 0.6
A11: 8704 | B11: SUPRESSÃO DE ÁRVORE
A12: ED-50699 | B12: CORTE DE ÁRVORE COM MOTOSSERRA, DIÂMETRO DO TRONCO ACIMA DE TRINTA (30) CENTÍMETROS ATÉ CINQUENTA (50) CENTÍMETROS, EXCLUSIVE DESTOCAMENTO E AFASTAMENTO | C12: UN | D12: 104.91
A13: ED-50697 | B13: CORTE DE ÁRVORE COM MOTOSSERRA, DIÂMETRO DO TRONCO DE QUINZE (15) CENTÍMETROS ATÉ TRINTA (30) CENTÍMETROS, EXCLUSIVE DESTOCAMENTO E AFASTAMENTO | C13: UN | D13: 62.95
A14: 8706 | B14: REMOÇÃO DE TELHADO
A15: ED-48438 | B15: REMOÇÃO DE CALHA EM CHAPA GALVANIZADA OU EM PVC, COM REAPROVEITAMENTO, INCLUSIVE AFASTAMENTO E EMPILHAMENTO, EXCLUSIVE TRANSPORTE E RETIRADA DO MATERIAL REMOVIDO NÃO REAPROVEITÁVEL | C15: M | D15: 5.26
A16: ED-48446 | B16: REMOÇÃO MANUAL DE CONDUTOR EM PVC OU METÁLICO, COM REAPROVEITAMENTO, INCLUSIVE AFASTAMENTO E EMPILHAMENTO, EXCLUSIVE TRANSPORTE E RETIRADA DO MATERIAL REMOVIDO NÃO REAPROVEITÁVEL | C16: M | D16: 6.3
A17: ED-48455 | B17: REMOÇÃO MANUAL DE ENGRADAMENTO PARA TELHA TIPO CALHA ESTRUTURAL EM FIBROCIMENTO, COM REAPROVEITAMENTO, INCLUSIVE AFASTAMENTO E EMPILHAMENTO, EXCLUSIVE TRANSPORTE E RETIRADA DO MATERIAL REMOVIDO NÃO REAPROVEITÁVEL | C17: M2 | D17: 12.68
A18: ED-48457 | B18: REMOÇÃO MANUAL DE ENGRADAMENTO PARA TELHA TIPO CERÂMICA OU CONCRETO, INCLUSIVE AFASTAMENTO E EMPILHAMENTO, EXCLUSIVE TRANSPORTE E RETIRADA DO MATERIAL REMOVIDO NÃO REAPROVEITÁVEL | C18: M2 | D18: 25.36
A19: ED-48454 | B19: REMOÇÃO MANUAL DE ENGRADAMENTO PARA TELHA TIPO METÁLICA, PVC OU FIBROCIMENTO, COM REAPROVEITAMENTO, INCLUSIVE AFASTAMENTO E EMPILHAMENTO, EXCLUSIVE TRANSPORTE E RETIRADA DO MATERIAL REMOVIDO NÃO REAPROVEITÁVEL | C19: M2 | D19: 16.9
A20: ED-48506 | B20: REMOÇÃO MANUAL DE RUFO METÁLICO, COM REAPROVEITAMENTO, INCLUSIVE AFASTAMENTO E EMPILHAMENTO, EXCLUSIVE TRANSPORTE E RETIRADA DO MATERIAL REMOVIDO NÃO REAPROVEITÁVEL | C20: M | D20: 7.72
A21: ED-48512 | B21: REMOÇÃO MANUAL DE TELHA EM FIBROCIMENTO, TIPO ONDULADA, COM REAPROVEITAMENTO, INCLUSIVE AFASTAMENTO E EMPILHAMENTO, EXCLUSIVE TRANSPORTE E RETIRADA DO MATERIAL REMOVIDO NÃO REAPROVEITÁVEL | C21: M2 | D21: 14.49
A22: ED-48514 | B22: REMOÇÃO MANUAL DE TELHA CERÂMICA, COM REAPROVEITAMENTO, INCLUSIVE AFASTAMENTO E EMPILHAMENTO, EXCLUSIVE TRANSPORTE E RETIRADA DO MATERIAL REMOVIDO NÃO REAPROVEITÁVEL | C22: M2 | D22: 27.29
A23: ED-48510 | B23: REMOÇÃO MANUAL DE TELHA EM FIBROCIMENTO, TIPO CALHA ESTRUTURAL, COM REAPROVEITAMENTO, INCLUSIVE IÇAMENTO, AFASTAMENTO E EMPILHAMENTO, EXCLUSIVE TRANSPORTE E RETIRADA DO MATERIAL REMOVIDO NÃO REAPROVEITÁVEL | C23: M2 | D23: 27.55
A24: ED-48509 | B24: REMOÇÃO MANUAL DE TELHA METÁLICA OU PVC, COM REAPROVEITAMENTO, INCLUSIVE AFASTAMENTO E EMPILHAMENTO, EXCLUSIVE TRANSPORTE E RETIRADA DO MATERIAL REMOVIDO NÃO REAPROVEITÁVEL | C24: M2 | D24: 10.14
A25: 8707 | B25: DEMOLIÇÃO E REMOÇÃO DE INSTALAÇÃO
A26: ED-48500 | B26: DEMOLIÇÃO MANUAL DE TUBULAÇÕES EMBUTIDAS DE REDE (ÁGUA, ELÉTRICA, GASES, ETC.), INCLUSIVE RASGO EM ALVENARIA, REMOÇÃO DE ACESSÓRIOS DE FIXAÇÃO, AFASTAMENTO E EMPILHAMENTO, EXCLUSIVE TRANSPORTE E RETIRADA DO MATERIAL DEMOLIDO | C26: M | D26: 9.45
A27: ED-48466 | B27: REMOÇÃO MANUAL DE INTERFONE, COM REAPROVEITAMENTO, INCLUSIVE AFASTAMENTO E EMPILHAMENTO, EXCLUSIVE TRANSPORTE E RETIRADA DO MATERIAL REMOVIDO NÃO REAPROVEITÁVEL | C27: UN | D27: 49.78
A28: ED-48468 | B28: REMOÇÃO MANUAL DE LUMINÁRIA COMERCIAL, EMBUTIDA OU SOBREPOR, COM REAPROVEITAMENTO, INCLUSIVE AFASTAMENTO E EMPILHAMENTO, EXCLUSIVE TRANSPORTE E RETIRADA DO MATERIAL REMOVIDO NÃO REAPROVEITÁVEL | C28: UN | D28: 11.98
A29: ED-48469 | B29: REMOÇÃO MANUAL DE LUMINÁRIA COMPACTA (PLAFON, PAINEL LED, ETC.) EMBUTIDA OU SOBREPOR, COM REAPROVEITAMENTO, INCLUSIVE AFASTAMENTO E EMPILHAMENTO, EXCLUSIVE TRANSPORTE E RETIRADA DO MATERIAL REMOVIDO NÃO REAPROVEITÁVEL | C29: UN | D29: 6.99
A30: ED-48499 | B30: REMOÇÃO MANUAL DE REDES DE DUTOS PARA CLIMATIZAÇÃO, INCLUSIVE AFASTAMENTO E EMPILHAMENTO, EXCLUSIVE TRANSPORTE E RETIRADA DO MATERIAL REMOVIDO NÃO REAPROVEITÁVEL | C30: M | D30: 10.5
A31: ED-48515 | B31: REMOÇÃO MANUAL DE TUBULAÇÕES EMBUTIDAS DE REDE (ÁGUA, ELÉTRICA, GASES, ETC.), COM REAPROVEITAMENTO, INCLUSIVE RASGO EM ALVENARIA, REMOÇÃO DE ACESSÓRIOS DE FIXAÇÃO, AFASTAMENTO E EMPILHAMENTO, EXCLUSIVE TRANSPORTE E RETIRADA DO MATERIAL REMOVIDO NÃO REAPROVEITÁVEL | C31: M | D31: 13.65
A32: 8708 | B32: DEMOLIÇÃO DE FORRO
A33: ED-48463 | B33: DEMOLIÇÃO MANUAL DE FORRO DE CHAPA OU PLACA DE GESSO, INCLUSIVE DEMOLIÇÃO DA ESTRUTURA DE SUSTENTAÇÃO, AFASTAMENTO E EMPILHAMENTO, EXCLUSIVE TRANSPORTE E RETIRADA DO MATERIAL DEMOLIDO | C33: M2 | D33: 6.24
A34: 8709 | B34: REMOÇÃO DE FORRO
A35: ED-48460 | B35: REMOÇÃO MANUAL DE FORRO DE PLACAS (GESSO, MINERAL, FIBRA, ISOPOR, COLMEIA, PVC, ETC.), COM REAPROVEITAMENTO, INCLUSIVE AFASTAMENTO E EMPILHAMENTO, EXCLUSIVE DEMOLIÇÃO DA ESTRUTURA DE SUSTENTAÇÃO, TRANSPORTE E RETIRADA DO MATERIAL REMOVIDO NÃO REAPROVEITÁVEL | C35: M2 | D35: 2.36
A36: ED-48459 | B36: REMOÇÃO MANUAL DE FORRO DE PLACAS (GESSO, MINERAL, FIBRA, ISOPOR, COLMEIA, PVC, ETC.), COM REAPROVEITAMENTO, INCLUSIVE DEMOLIÇÃO ESTRUTURA DE SUSTENTAÇÃO, AFASTAMENTO E EMPILHAMENTO, EXCLUSIVE TRANSPORTE E RETIRADA DO MATERIAL REMOVIDO NÃO REAPROVEITÁVEL | C36: M2 | D36: 7.09
A37: ED-48464 | B37: REMOÇÃO MANUAL DE FORRO DE TÁBUAS DE PINHO, COM REAPROVEITAMENTO, INCLUSIVE AFASTAMENTO E EMPILHAMENTO, EXCLUSIVE REMOÇÃO DA ESTRUTURA DE SUSTENTAÇÃO, TRANSPORTE E RETIRADA DO MATERIAL REMOVIDO NÃO REAPROVEITÁVEL | C37: M2 | D37: 11.13
A38: ED-28355 | B38: REMOÇÃO MANUAL ESTRUTURA OU TRAMA DE SUSTENTAÇÃO DE MADEIRA OU METÁLICA PARA FORRO, COM REAPROVEITAMENTO, INCLUSIVE AFASTAMENTO E EMPILHAMENTO, EXCLUSIVE TRANSPORTE E RETIRADA DO MATERIAL REMOVIDO NÃO REAPROVEITÁVEL | C38: M2 | D38: 4.73
A39: 8710 | B39: REMOÇÃO DE ESQUADRIA
A40: ED-48496 | B40: REMOÇÃO MANUAL DE CONJUNTO DE ALIZARES, COM REAPROVEITAMENTO, INCLUSIVE AFASTAMENTO E EMPILHAMENTO, EXCLUSIVE TRANSPORTE E RETIRADA DO MATERIAL REMOVIDO NÃO REAPROVEITÁVEL | C40: CJ | D40: 3.95
A41: ED-48458 | B41: REMOÇÃO MANUAL DE CONJUNTO DE FERRAGENS (DOBRADIÇAS, FECHADURA E MAÇANETAS), COM REAPROVEITAMENTO, INCLUSIVE AFASTAMENTO E EMPILHAMENTO, EXCLUSIVE TRANSPORTE E RETIRADA DO MATERIAL REMOVIDO NÃO REAPROVEITÁVEL | C41: UN | D41: 24.13
A42: ED-48493 | B42: REMOÇÃO MANUAL DE ESQUADRIA EM MADEIRA, COM REAPROVEITAMENTO, INCLUSIVE REMOÇÃO DE MARCO/ALIZAR/GUARNIÇÕES, AFASTAMENTO E EMPILHAMENTO, EXCLUSIVE TRANSPORTE E RETIRADA DO MATERIAL REMOVIDO NÃO REAPROVEITÁVEL | C42: M2 | D42: 15.13
A43: ED-48497 | B43: REMOÇÃO MANUAL DE ESQUADRIA METÁLICA, COM REAPROVEITAMENTO, INCLUSIVE MARCO/ALIZAR/GUARNIÇÕES, AFASTAMENTO E EMPILHAMENTO, EXCLUSIVE TRANSPORTE E RETIRADA DO MATERIAL REMOVIDO NÃO REAPROVEITÁVEL | C43: M2 | D43: 21.01
A44: ED-48494 | B44: REMOÇÃO MANUAL DE FOLHA DE PORTA OU JANELA DE MADEIRA OU METÁLICA, COM REAPROVEITAMENTO, INCLUSIVE AFASTAMENTO E EMPILHAMENTO, EXCLUSIVE TRANSPORTE E RETIRADA DO MATERIAL REMOVIDO NÃO REAPROVEITÁVEL | C44: M2 | D44: 10.22
A45: ED-48495 | B45: REMOÇÃO MANUAL DE MARCO EM MADEIRA OU METÁLICO, COM REAPROVEITAMENTO, INCLUSIVE AFASTAMENTO E EMPILHAMENTO, EXCLUSIVE TRANSPORTE E RETIRADA DO MATERIAL REMOVIDO NÃO REAPROVEITÁVEL | C45: UN | D45: 20.46
A46: 8711 | B46: DEMOLIÇÃO DE IMPERMEABILIZAÇÃO
A47: ED-48465 | B47: DEMOLIÇÃO MANUAL DE IMPERMEABILIZAÇÃO E PROTEÇÃO MECÂNICA, INCLUSIVE AFASTAMENTO E EMPILHAMENTO, EXCLUSIVE TRANSPORTE E RETIRADA DO MATERIAL DEMOLIDO | C47: M2 | D47: 31.18
A48: 8712 | B48: REMOÇÃO DE LOUÇA E ACESSÓRIOS
A49: ED-48467 | B49: REMOÇÃO DE LOUÇAS (LAVATÓRIO, BANHEIRA, PIA, VASO SANITÁRIO, TANQUE), COM REAPROVEITAMENTO, INCLUSIVE AFASTAMENTO E EMPILHAMENTO, EXCLUSIVE TRANSPORTE E RETIRADA DO MATERIAL REMOVIDO NÃO REAPROVEITÁVEL | C49: UN | D49: 48.72
A50: ED-48470 | B50: REMOÇÃO MANUAL DE METAIS COMUNS E ACABAMENTOS (TORNEIRA, ACABAMENTO PARA REGISTRO, SIFÃO, ENGATE FLEXÍVEL, ETC.), COM REAPROVEITAMENTO, INCLUSIVE AFASTAMENTO E EMPILHAMENTO, EXCLUSIVE TRANSPORTE E RETIRADA DO MATERIAL REMOVIDO NÃO REAPROVEITÁVEL | C50: UN | D50: 7.28
A51: ED-48471 | B51: REMOÇÃO MANUAL DE METAIS EMBUTIDOS (BASE DE REGISTRO, VÁLVULA DE DESCARGA, TORNEIRA ANTIVANDALISMO, ETC.), COM REAPROVEITAMENTO, INCLUSIVE AFASTAMENTO E EMPILHAMENTO, EXCLUSIVE TRANSPORTE E RETIRADA DO MATERIAL REMOVIDO NÃO REAPROVEITÁVEL | C51: UN | D51: 23.16
A52: 8713 | B52: DEMOLIÇÃO E REMOÇÃO DE DIVISÓRIA E BANCADA
A53: ED-48452 | B53: DEMOLIÇÃO MANUAL DE ALVENARIA/DIVISÓRIA DE ELEMENTOS VAZADOS (COBOGÓ, ETC. ), INCLUSIVE AFASTAMENTO E EMPILHAMENTO, EXCLUSIVE TRANSPORTE E RETIRADA DO MATERIAL DEMOLIDO | C53: M2 | D53: 19.9
A54: ED-48453 | B54: DEMOLIÇÃO MANUAL DE DIVISÓRIA COMERCIAL EM LAMINADO, INCLUSIVE AFASTAMENTO E EMPILHAMENTO, EXCLUSIVE TRANSPORTE E RETIRADA DO MATERIAL DEMOLIDO | C54: M2 | D54: 8.02
A55: ED-8024 | B55: DEMOLIÇÃO MANUAL DE DIVISÓRIA DE MADEIRA, INCLUSIVE AFASTAMENTO E EMPILHAMENTO, EXCLUSIVE TRANSPORTE E RETIRADA DO MATERIAL DEMOLIDO | C55: M2 | D55: 12.23
A56: ED-48437 | B56: REMOÇÃO MANUAL DE BANCADA DE PEDRA (MÁRMORE, GRANITO, ARDÓSIA, MARMORITE, ETC.), COM REAPROVEITAMENTO, INCLUSIVE RASGO EM ALVENARIA, REMOÇÃO DE ACESSÓRIOS DE FIXAÇÃO, AFASTAMENTO E EMPILHAMENTO, EXCLUSIVE TRANSPORTE E RETIRADA DO MATERIAL REMOVIDO NÃO REAPROVEITÁVEL | C56: M2 | D56: 60.59
A57: ED-28348 | B57: REMOÇÃO MANUAL DE DIVISÓRIA EM PEDRA (MÁRMORE, GRANITO, ARDÓSIA, MARMORITE, ETC.), COM REAPROVEITAMENTO, INCLUSIVE RASGO EM ALVENARIA, REMOÇÃO DE ACESSÓRIOS DE FIXAÇÃO, AFASTAMENTO E EMPILHAMENTO, EXCLUSIVE TRANSPORTE E RETIRADA DO MATERIAL REMOVIDO NÃO REAPROVEITÁVEL | C57: M2 | D57: 50.58
A58: 8714 | B58: DEMOLIÇÃO DE ALVENARIA
A59: ED-48436 | B59: DEMOLIÇÃO MANUAL DE ALVENARIA DE TIJOLO CERÂMICO MACIÇO, INCLUSIVE AFASTAMENTO E EMPILHAMENTO, EXCLUSIVE TRANSPORTE E RETIRADA DO MATERIAL DEMOLIDO | C59: M3 | D59: 171.88
A60: ED-48435 | B60: DEMOLIÇÃO MANUAL DE ALVENARIA DE TIJOLO CERÂMICO OU BLOCO DE CONCRETO, INCLUSIVE AFASTAMENTO E EMPILHAMENTO, EXCLUSIVE TRANSPORTE E RETIRADA DO MATERIAL DEMOLIDO | C60: M3 | D60: 118.17
A61: ED-28338 | B61: DEMOLIÇÃO MANUAL DE CONSTRUÇÃO EM ALVENARIAS DE VEDAÇÃO, COM ESPESSURA MÁXIMA DE 15CM, INCLUSIVE REMOÇÃO COM REAPROVEITAMENTO DE ESQUADRIAS, AFASTAMENTO E EMPILHAMENTO, EXCLUSIVE TRANSPORTE E RETIRADA DO MATERIAL DEMOLIDO/REMOVIDO NÃO REAPROVEITÁVEL | C61: M2 | D61: 18.78
A62: 8715 | B62: DEMOLIÇÃO DE CONCRETO
A63: ED-48441 | B63: DEMOLIÇÃO MANUAL DE CONCRETO ARMADO, INCLUSIVE AFASTAMENTO E EMPILHAMENTO, EXCLUSIVE TRANSPORTE E RETIRADA DO MATERIAL DEMOLIDO | C63: M3 | D63: 540.19
A64: ED-48440 | B64: DEMOLIÇÃO MANUAL DE CONCRETO, SEM ARMAÇÃO, INCLUSIVE AFASTAMENTO E EMPILHAMENTO, EXCLUSIVE TRANSPORTE E RETIRADA DO MATERIAL DEMOLIDO | C64: M3 | D64: 327.39
A65: ED-48443 | B65: DEMOLIÇÃO MECANIZADA DE CONCRETO ARMADO, COM EQUIPAMENTO ELÉTRICO, INCLUSIVE AFASTAMENTO E EMPILHAMENTO, EXCLUSIVE TRANSPORTE E RETIRADA DO MATERIAL DEMOLIDO | C65: M3 | D65: 281.29
A66: ED-48445 | B66: DEMOLIÇÃO MECANIZADA DE CONCRETO ARMADO, COM EQUIPAMENTO PNEUMÁTICO, INCLUSIVE AFASTAMENTO E EMPILHAMENTO, EXCLUSIVE TRANSPORTE E RETIRADA DO MATERIAL DEMOLIDO | C66: M3 | D66: 357.12
A67: ED-48442 | B67: DEMOLIÇÃO MECANIZADA DE CONCRETO, SEM ARMAÇÃO, COM EQUIPAMENTO ELÉTRICO, INCLUSIVE AFASTAMENTO E EMPILHAMENTO, EXCLUSIVE TRANSPORTE E RETIRADA DO MATERIAL DEMOLIDO | C67: M3 | D67: 171.71
A68: ED-48444 | B68: DEMOLIÇÃO MECANIZADA DE CONCRETO, SEM ARMAÇÃO, COM EQUIPAMENTO PNEUMÁTICO, INCLUSIVE AFASTAMENTO E EMPILHAMENTO, EXCLUSIVE TRANSPORTE E RETIRADA DO MATERIAL DEMOLIDO | C68: M3 | D68: 217.66
A69: 8716 | B69: REMOÇÃO DE PADRÃO CONCESSIONÁRIA
A70: ED-48475 | B70: REMOÇÃO MANUAL DE PADRÃO DE ENTRADA DE ÁGUA, COM REAPROVEITAMENTO, INCLUSIVE AFASTAMENTO E EMPILHAMENTO, EXCLUSIVE TRANSPORTE E RETIRADA DO MATERIAL REMOVIDO NÃO REAPROVEITÁVEL | C70: UN | D70: 111.36
A71: ED-48474 | B71: REMOÇÃO MANUAL DE PADRÃO DE ENTRADA DE ENERGIA, COM REAPROVEITAMENTO, INCLUSIVE AFASTAMENTO E EMPILHAMENTO, EXCLUSIVE TRANSPORTE E RETIRADA DO MATERIAL REMOVIDO NÃO REAPROVEITÁVEL | C71: UN | D71: 279.45
A72: 8717 | B72: DEMOLIÇÃO E REMOÇÃO DE PAVIMENTAÇÃO
A73: ED-48487 | B73: DEMOLIÇÃO MANUAL DE LAJE DE CONCRETO ARMADO, COM ESPESSURA DE ATÉ 15CM, INCLUSIVE AFASTAMENTO E EMPILHAMENTO, EXCLUSIVE TRANSPORTE E RETIRADA DO MATERIAL DEMOLIDO | C73: M2 | D73: 47.27
A74: ED-48507 | B74: DEMOLIÇÃO MANUAL DE SARJETA OU SARJETÃO DE CONCRETO, INCLUSIVE AFASTAMENTO E EMPILHAMENTO, EXCLUSIVE TRANSPORTE E RETIRADA DO MATERIAL DEMOLIDO | C74: M2 | D74: 11.82
A75: ED-48489 | B75: DEMOLIÇÃO MECANIZADA DE LAJE DE CONCRETO ARMADO, COM ESPESSURA DE ATÉ 15CM, , COM EQUIPAMENTO ELÉTRICO, INCLUSIVE AFASTAMENTO E EMPILHAMENTO, EXCLUSIVE TRANSPORTE E RETIRADA DO MATERIAL DEMOLIDO | C75: M2 | D75: 25.3
A76: ED-48486 | B76: DEMOLIÇÃO MECANIZADA DE LAJE DE CONCRETO ARMADO, COM ESPESSURA DE ATÉ 15CM, , COM EQUIPAMENTO PNEUMÁTICO, INCLUSIVE AFASTAMENTO E EMPILHAMENTO, EXCLUSIVE TRANSPORTE E RETIRADA DO MATERIAL DEMOLIDO | C76: M2 | D76: 31.62
A77: ED-48492 | B77: DEMOLIÇÃO MECANIZADA DE REVESTIMENTO ASFÁLTICO, COM EQUIPAMENTO PNEUMÁTICO, INCLUSIVE AFASTAMENTO E EMPILHAMENTO, EXCLUSIVE TRANSPORTE E RETIRADA DO MATERIAL DEMOLIDO | C77: M2 | D77: 10.56
A78: ED-48490 | B78: REMOÇÃO MANUAL DE ALVENARIA POLIÉDRICA, COM REAPROVEITAMENTO, INCLUSIVE AFASTAMENTO E EMPILHAMENTO, EXCLUSIVE TRANSPORTE E RETIRADA DO MATERIAL REMOVIDO NÃO REAPROVEITÁVEL | C78: M2 | D78: 16.19
A79: ED-48488 | B79: REMOÇÃO MANUAL DE CALÇADA PORTUGUESA, COM REAPROVEITAMENTO, INCLUSIVE AFASTAMENTO E EMPILHAMENTO, EXCLUSIVE TRANSPORTE E RETIRADA DO MATERIAL REMOVIDO NÃO REAPROVEITÁVEL | C79: M2 | D79: 9.77
A80: ED-48473 | B80: REMOÇÃO MANUAL DE GUIA DE MEIO-FIO EM PEDRA (GNAISSE, BASALTO, ETC.), COM REAPROVEITAMENTO, INCLUSIVE AFASTAMENTO E EMPILHAMENTO, EXCLUSIVE TRANSPORTE E RETIRADA DO MATERIAL REMOVIDO NÃO REAPROVEITÁVEL | C80: M | D80: 23.63
A81: ED-48472 | B81: REMOÇÃO MANUAL DE GUIA DE MEIO-FIO PRÉ-MOLDADA EM CONCRETO, COM REAPROVEITAMENTO, INCLUSIVE AFASTAMENTO E EMPILHAMENTO, EXCLUSIVE TRANSPORTE E RETIRADA DO MATERIAL REMOVIDO NÃO REAPROVEITÁVEL | C81: M | D81: 12.6
A82: ED-48476 | B82: REMOÇÃO MANUAL DE PAVIMENTAÇÃO INTERTRAVADA OU SEXTAVADO EM PRÉ-MOLDADO DE CONCRETO, COM REAPROVEITAMENTO, INCLUSIVE AFASTAMENTO E EMPILHAMENTO, EXCLUSIVE TRANSPORTE E RETIRADA DO MATERIAL REMOVIDO NÃO REAPROVEITÁVEL | C82: M2 | D82: 16.19
A83: ED-48491 | B83: REMOÇÃO MANUAL DE PAVIMENTO PARALELEPÍPEDO, COM REAPROVEITAMENTO, INCLUSIVE AFASTAMENTO E EMPILHAMENTO, EXCLUSIVE TRANSPORTE E RETIRADA DO MATERIAL REMOVIDO NÃO REAPROVEITÁVEL | C83: M2 | D83: 18.05
A84: 8718 | B84: DEMOLIÇÃO E REMOÇÃO DE REVESTIMENTO
A85: ED-48504 | B85: DEMOLIÇÃO MANUAL DE LAMINADO MELAMÍNICO EM SUPERFÍCIE DE MADEIRA OU PAREDE, INCLUSIVE AFASTAMENTO E EMPILHAMENTO, EXCLUSIVE TRANSPORTE E RETIRADA DO MATERIAL DEMOLIDO | C85: M2 | D85: 11.82
A86: ED-48501 | B86: DEMOLIÇÃO MANUAL DE REBOCO OU EMBOÇO, COM ESPESSURA DE ATÉ 55MM, INCLUSIVE AFASTAMENTO E EMPILHAMENTO, EXCLUSIVE TRANSPORTE E RETIRADA DO MATERIAL DEMOLIDO | C86: M2 | D86: 11.23
A87: ED-48502 | B87: DEMOLIÇÃO MANUAL DE REVESTIMENTO CERÂMICO, AZULEJO OU LADRILHO HIDRÁULICO, INCLUSIVE AFASTAMENTO E EMPILHAMENTO, EXCLUSIVE DEMOLIÇÃO DO REBOCO OU EMBOÇO, TRANSPORTE E RETIRADA DO MATERIAL DEMOLIDO | C87: M2 | D87: 23.39
A88: ED-48503 | B88: DEMOLIÇÃO MANUAL DE REVESTIMENTO DE PEDRA (MÁRMORE, GRANITO, ARDÓSIA, ETC.), INCLUSIVE AFASTAMENTO E EMPILHAMENTO, EXCLUSIVE DEMOLIÇÃO DO REBOCO OU EMBOÇO, TRANSPORTE E RETIRADA DO MATERIAL DEMOLIDO | C88: M2 | D88: 28.06
A89: ED-48478 | B89: REMOÇÃO MANUAL DE PEITORIL DE MÁRMORE OU GRANITO, COM REAPROVEITAMENTO, INCLUSIVE AFASTAMENTO E EMPILHAMENTO, EXCLUSIVE TRANSPORTE E RETIRADA DO MATERIAL REMOVIDO NÃO REAPROVEITÁVEL | C89: M | D89: 9.21
A90: 8719 | B90: DEMOLIÇÃO E REMOÇÃO DE PISO
A91: ED-48480 | B91: DEMOLIÇÃO MANUAL DE PISO CERÂMICO OU LADRILHO HIDRÁULICO, INCLUSIVE AFASTAMENTO E EMPILHAMENTO, EXCLUSIVE DEMOLIÇÃO DE CONTRAPISO, TRANSPORTE E RETIRADA DO MATERIAL DEMOLIDO | C91: M2 | D91: 18.71
A92: ED-48479 | B92: DEMOLIÇÃO MANUAL DE PISO CIMENTADO OU CONTRAPISO DE ARGAMASSA, COM ESPESSURA MÁXIMA DE 10CM, INCLUSIVE AFASTAMENTO E EMPILHAMENTO, EXCLUSIVE TRANSPORTE E RETIRADA DO MATERIAL DEMOLIDO | C92: M2 | D92: 20.05
A93: ED-48481 | B93: DEMOLIÇÃO MANUAL DE PISO DE PEDRAS (MÁRMORE, GRANITO, ARDÓSIA, ETC.), INCLUSIVE AFASTAMENTO E EMPILHAMENTO, EXCLUSIVE DEMOLIÇÃO DE CONTRAPISO, TRANSPORTE E RETIRADA DO MATERIAL DEMOLIDO | C93: M2 | D93: 23.39
A94: ED-48483 | B94: DEMOLIÇÃO MANUAL DE PISO EM GRANILITE/MARMORITE, INCLUSIVE AFASTAMENTO E EMPILHAMENTO, EXCLUSIVE TRANSPORTE E RETIRADA DO MATERIAL DEMOLIDO | C94: M2 | D94: 25.51
A95: ED-48482 | B95: DEMOLIÇÃO MANUAL DE PISO VINÍLICO, INCLUSIVE AFASTAMENTO E EMPILHAMENTO, EXCLUSIVE TRANSPORTE E RETIRADA DO MATERIAL DEMOLIDO | C95: M2 | D95: 9.95
A96: ED-48505 | B96: DEMOLIÇÃO MANUAL DE RODAPÉ, INCLUSIVE ARGAMASSA DE ASSENTAMENTO E AFASTAMENTO, EXCLUSIVE TRANSPORTE E RETIRADA DO MATERIAL DEMOLIDO | C96: M | D96: 3.1
A97: ED-48485 | B97: REMOÇÃO MANUAL DE PISO DE TÁBUAS, COM REAPROVEITAMENTO, INCLUSIVE AFASTAMENTO E EMPILHAMENTO, EXCLUSIVE TRANSPORTE E RETIRADA DO MATERIAL REMOVIDO NÃO REAPROVEITÁVEL | C97: M2 | D97: 28.06
A98: ED-48484 | B98: REMOÇÃO MANUAL DE PISO DE TACO DE MADEIRA, COM REAPROVEITAMENTO, INCLUSIVE AFASTAMENTO E EMPILHAMENTO, EXCLUSIVE TRANSPORTE E RETIRADA DO MATERIAL REMOVIDO NÃO REAPROVEITÁVEL | C98: M2 | D98: 24.4
A99: ED-48508 | B99: REMOÇÃO MANUAL DE SOLEIRA DE MÁRMORE OU GRANITO, COM REAPROVEITAMENTO, INCLUSIVE AFASTAMENTO E EMPILHAMENTO, EXCLUSIVE TRANSPORTE E RETIRADA DO MATERIAL REMOVIDO NÃO REAPROVEITÁVEL | C99: M | D99: 9.84
A100: 8720 | B100: REMOÇÃO DE CERCA E ALAMBRADO
...

Sheet BDI-SEM DESONERAÇÃO (2)
A21: DEMONSTRATIVO DE BDI SEM DESONERAÇÃO
A48: DEMONSTRATIVO DO BDI - SEM DESONERAÇÃO - OBRA DE EDIFICAÇÃO
A50: BDI (CONFORME ACÓRDÃO Nº 2622/13 e LEI Nº 13.161 DE 31/08/15)
A51: DISCRIMINAÇÃO DAS PARCELAS | B51: SIG. (1) | C51: CONSTRUÇÃO DE EDIFÍCIOS | J51: INC. (5)
C52: ISS (2) | G52: DIFERENCIADO
C53: 0.02 | D53: 0.03 | E53: 0.04 | F53: 0.05 | G53: MATERIAL (3) | H53: SERVIÇO TERCEIRIZADO (4) (ISS=5%)
A54: CUSTO DIRETO | B54: CD | C54: 1 | D54: 1 | E54: 1 | F54: 1 | G54: 1 | H54: 1
A55: ADMINISTRAÇÃO CENTRAL | B55: AC | C55: 0.055 | D55: 0.055 | E55: 0.055 | F55: 0.055 | G55: 0.0342 | H55: 0.04 | J55: CD
A56: LUCRO BRUTO | B56: L | C56: 0.075 | D56: 0.075 | E56: 0.075 | F56: 0.075 | G56: 0.0494 | H56: 0.0616 | J56: CD
A57: DESPESAS FINANCEIRAS | B57: DF | C57: 0.010477 | D57: 0.010477 | E57: 0.010477 | F57: 0.010477 | G57: 0.010477 | H57: 0.010477 | J57: CD
A58: SEGUROS, GARANTIAS E RISCO | C58: =SUM(C59:C60) -> 0.0227 | D58: =SUM(D59:D60) -> 0.0227 | E58: =SUM(E59:E60) -> 0.0227 | F58: =SUM(F59:F60) -> 0.0227 | G58: =SUM(G59:G60) -> 0.0129 | H58: =SUM(H59:I60) -> 0.0177 | J58: CD
A59: SEGUROS + GARANTIAS | B59: S | C59: 0.01 | D59: 0.01 | E59: 0.01 | F59: 0.01 | G59: 0.0053 | H59: 0.008 | J59: CD
A60: RISCO(*) | B60: R | C60: 0.0127 | D60: 0.0127 | E60: 0.0127 | F60: 0.0127 | G60: 0.0076 | H60: 0.0097 | J60: CD
A61: TRIBUTOS | B61: I | C61: =SUM(C62:C64) -> 0.0465 | D61: =SUM(D62:D64) -> 0.0515 | E61: =SUM(E62:E64) -> 0.0565 | F61: =SUM(F62:F64) -> 0.0615 | G61: =SUM(G62:G64) -> 0.0365 | H61: =SUM(H62:I64) -> 0.0615 | J61: PV
A62: ISS | B62: ISS(2) | C62: 0.01 | D62: 0.015 | E62: 0.02 | F62: 0.025 | G62: - | H62: 0.025 | J62: PV
A63: PIS | B63: PIS | C63: 0.0065 | D63: 0.0065 | E63: 0.0065 | F63: 0.0065 | G63: 0.0065 | H63: 0.0065 | J63: PV
A64: COFINS | B64: - | C64: 0.03 | D64: 0.03 | E64: 0.03 | F64: 0.03 | G64: 0.03 | H64: 0.03 | J64: PV
A65: CPRB (6) | B65: INSS | C65: 0 | D65: 0 | E65: 0 | F65: 0 | G65: 0 | H65: 0 | J65: PV
A67: FÓRMULA DO BDI | C67: (1 + (AC + S + G + R)) x (1 + DF) x (1 + L)
C68: (1 - (I + CPRB))
A69: BDI (NUMERADOR) | C69: =(1+(C55+C58))*(1+C57)*(1+C56)-1 -> 0.17066539 | D69: =(1+(D55+D58))*(1+D57)*(1+D56)-1 -> 0.17066539 | E69: =(1+(E55+E58))*(1+E57)*(1+E56)-1 -> 0.17066539 | F69: =(1+(F55+F58))*(1+F57)*(1+F56)-1 -> 0.17066539 | G69: =(1+(G55+G58))*(1+G57)*(1+G56)-1 -> 0.11033915 | H69: =(1+(H55+H58))*(1+H57)*(1+H56)-1 -> 0.13461846
A70: BDI (DENOMINADOR) | C70: =(1-(C61+C65)) -> 0.9535 | D70: =(1-(D61+D65)) -> 0.9485 | E70: =(1-(E61+E65)) -> 0.9435 | F70: =(1-(F61+F65)) -> 0.9385 | G70: =(1-(G61+G65)) -> 0.9635 | H70: =(1-(H61+H65)) -> 0.9385
A71: BDI | C71: =(1+C69)/C70-1 -> 0.22775605 | D71: =(1+D69)/D70-1 -> 0.23422814 | E71: =(1+E69)/E70-1 -> 0.24076883 | F71: =(1+F69)/F70-1 -> 0.24737921 | G71: =(1+G69)/G70-1 -> 0.15240181 | H71: =(1+H69)/H70-1 -> 0.20897013
A73: OBSERVAÇÕES
A74: (1) SIGLA. (2) QUANTO AO ISS O TCU ORIENTA OBSERVAR A LEGISLAÇÃO DO MUNICÍPIO. NO REFERIDO ACÓRDÃO O TCU PARTIU DA PREMISSA DE INCIDÊNCIA DO ISS EM 50% DO PREÇO DE VENDA, COM PERCENTUAIS DE 2%, 3%, 4% E 5%. (3) BDI DIFERENCIADO A SER APLICADO EM CASOS DE FORNECIMENTO DE MATERIAIS E EQUIPAMENTOS. EX. ELEVADOR, ESCADAS ROLANTES, EQUIPAMENTOS DE REFRIGERAÇÃO ETC. (4) BDI DIFERENCIADO A SER APLICADO PARA SERVIÇOS TERCEIRIZADOS. (5) INCIDÊNCIA. (6) TRANSIÇÃO DESONERAÇÃO LEI Nº 14.973, DE 16 DE SETEMBRO DE 2024.
A75: *Informamos que está em análise o pleito apresentado pelo Ofício nº 042/24-S, do Sindicato da Indústria da Construção Pesada de Minas Gerais (SICEPOT-MG), referente ao posicionamento do colegiado da Segunda Turma do Superior Tribunal de Justiça (STJ), no AREsp nº 2.486.358/SP, relatado pelo Ministro Herman Benjamin, julgado em 13/05/2024, com publicação no DJe de 29/05/2024, que versa sobre a aplicação da dedução na base de cálculo do Imposto Sobre Serviços de Qualquer Natureza (ISSQN).
A82: DEMONSTRATIVO DO BDI - SEM DESONERAÇÃO - OBRA RODOVIÁRIA
A84: BDI (CONFORME ACÓRDÃO Nº 2622/13 e LEI Nº 13.161 DE 31/08/15)
A85: DISCRIMINAÇÃO DAS PARCELAS | B85: SIG. (1) | C85: CONSTRUÇÃO DE RODOVIAS E FERROVIAS | J85: INC. (6)
C86: ISS (2) | G86: DIFERENCIADO
C87: 0.02 | D87: 0.03 | E87: 0.04 | F87: 0.05 | G87: MATERIAL (5) | H87: SERVIÇO TERCEIRIZADO (4) (ISS=5%) | I87: EQUIPAMENTO (3) (ISS=5%)
A88: CUSTO DIRETO | B88: CD | C88: 1 | D88: 1 | E88: 1 | F88: 1 | G88: 1 | H88: 1 | I88: 1
A89: ADMINISTRAÇÃO CENTRAL | B89: AC | C89: 0.0467 | D89: 0.0467 | E89: 0.0467 | F89: 0.0467 | G89: 0.0342 | H89: 0.0401 | I89: 0.0342 | J89: CD
A90: LUCRO BRUTO | B90: L | C90: 0.0753 | D90: 0.0753 | E90: 0.0753 | F90: 0.0753 | G90: 0.0494 | H90: 0.0664 | I90: 0.0494 | J90: CD
A91: DESPESAS FINANCEIRAS | B91: DF | C91: 0.010477 | D91: 0.010477 | E91: 0.010477 | F91: 0.010477 | G91: 0.010477 | H91: 0.010477 | I91: 0.010477 | J91: CD
A92: SEGUROS, GARANTIAS E RISCO | C92: =SUM(C93:C94) -> 0.0171 | D92: =SUM(D93:D94) -> 0.0171 | E92: =SUM(E93:E94) -> 0.0171 | F92: =SUM(F93:F94) -> 0.0171 | G92: =SUM(G93:G94) -> 0.0129 | H92: =SUM(H93:H94) -> 0.0082 | I92: =SUM(I93:I94) -> 0.0129 | J92: CD
A93: SEGUROS + GARANTIAS | B93: S | C93: 0.0074 | D93: 0.0074 | E93: 0.0074 | F93: 0.0074 | G93: 0.0053 | H93: 0.0032 | I93: 0.0053 | J93: CD
A94: RISCO(*) | B94: R | C94: 0.0097 | D94: 0.0097 | E94: 0.0097 | F94: 0.0097 | G94: 0.0076 | H94: 0.005 | I94: 0.0076 | J94: CD
A95: TRIBUTOS | B95: I | C95: =SUM(C96:C98) -> 0.0505 | D95: =SUM(D96:D98) -> 0.0575 | E95: =SUM(E96:E98) -> 0.0645 | F95: =SUM(F96:F98) -> 0.0715 | G95: =SUM(G96:G98) -> 0.0365 | H95: =SUM(H96:H98) -> 0.0615 | I95: =SUM(I96:I98) -> 0.0615 | J95: PV
A96: ISS | B96: ISS(2) | C96: 0.014 | D96: 0.021 | E96: 0.028 | F96: 0.035 | G96: - | H96: 0.025 | I96: 0.025 | J96: PV
A97: PIS | B97: PIS | C97: 0.0065 | D97: 0.0065 | E97: 0.0065 | F97: 0.0065 | G97: 0.0065 | H97: 0.0065 | I97: 0.0065 | J97: PV
A98: COFINS | B98: - | C98: 0.03 | D98: 0.03 | E98: 0.03 | F98: 0.03 | G98: 0.03 | H98: 0.03 | I98: 0.03 | J98: PV
A99: CPRB (7) | B99: INSS | C99: 0 | D99: 0 | E99: 0 | F99: 0 | G99: 0 | H99: 0 | I99: 0 | J99: PV
A101: FÓRMULA DO BDI | C101: (1 + (AC + S + G + R)) x (1 + DF) x (1 + L)
C102: (1 - (I + CPRB))
A103: BDI (NUMERADOR) | C103: =(1+(C89+C92))*(1+C91)*(1+C90)-1 -> 0.15588882 | D103: =(1+(D89+D92))*(1+D91)*(1+D90)-1 -> 0.15588882 | E103: =(1+(E89+E92))*(1+E91)*(1+E90)-1 -> 0.15588882 | F103: =(1+(F89+F92))*(1+F91)*(1+F90)-1 -> 0.15588882 | G103: =(1+(G89+G92))*(1+G91)*(1+G90)-1 -> 0.11033915 | H103: =(1+(H89+H92))*(1+H91)*(1+H90)-1 -> 0.12961943 | I103: =(1+(I89+I92))*(1+I91)*(1+I90)-1 -> 0.11033915
A104: BDI (DENOMINADOR) | C104: =(1-(C95+C99)) -> 0.9495 | D104: =(1-(D95+D99)) -> 0.9425 | E104: =(1-(E95+E99)) -> 0.9355 | F104: =(1-(F95+F99)) -> 0.9285 | G104: =(1-(G95+G99)) -> 0.9635 | H104: =(1-(H95+H99)) -> 0.9385 | I104: =(1-(I95+I99)) -> 0.9385
A105: BDI | C105: =(1+C103)/C104-1 -> 0.2173658 | D105: =(1+D103)/D104-1 -> 0.22640724 | E105: =(1+E103)/E104-1 -> 0.23558399 | F105: =(1+F103)/F104-1 -> 0.24489911 | G105: =(1+G103)/G104-1 -> 0.15240181 | H105: =(1+H103)/H104-1 -> 0.20364351 | I105: =(1+I103)/I104-1 -> 0.18309978
A107: OBSERVAÇÕES
A108: (1) SIGLA. (2) INCIDÊNCIA DE ISS EM 70% DO PREÇO DE VENDA, COM PERCENTUAIS DE 2%, 3%, 4% E 5%. (3) BDI DIFERENCIADO A SER APLICADO EM LOCAÇÃO DE CUSTO HORÁRIO DE EQUIPAMENTO. (4) BDI DIFERENCIADO A SER APLICADO PARA SERVIÇOS TERCEIRIZADOS. (5) BDI DIFERENCIADO A SER APLICADO PARA FORNECIMENTO DE MATERIAL BETUMINOSO E MATERIAL DE JAZIDA. (6) INCIDÊNCIA. (7) TRANSIÇÃO DESONERAÇÃO LEI Nº 14.973, DE 16 DE SETEMBRO DE 2024.
A109: *Informamos que está em análise o pleito apresentado pelo Ofício nº 042/24-S, do Sindicato da Indústria da Construção Pesada de Minas Gerais (SICEPOT-MG), referente ao posicionamento do colegiado da Segunda Turma do Superior Tribunal de Justiça (STJ), no AREsp nº 2.486.358/SP, relatado pelo Ministro Herman Benjamin, julgado em 13/05/2024, com publicação no DJe de 29/05/2024, que versa sobre a aplicação da dedução na base de cálculo do Imposto Sobre Serviços de Qualquer Natureza (ISSQN).

Sheet SICRO_JULHO_2025
A1: Código | B1: DESCRIÇÃO DO SERVIÇO | C1: UNIDADE | D1: Custo Unitário (R$)
A2: 307731 | B2: APARELHO DE APOIO DE NEOPRENE FRETADO PARA ESTRUTURAS MOLDADAS NO LOCAL - FORNECIMENTO E INSTALAÇÃO | C2: DM3 | D2: 150.12
A3: 307732 | B3: APARELHO DE APOIO DE NEOPRENE FRETADO PARA ESTRUTURAS PRÉ-MOLDADAS - FORNECIMENTO E INSTALAÇÃO | C3: DM3 | D3: 124.93
A4: 308308 | B4: APARELHO DE APOIO METÁLICO ELASTOMÉRICO FIXO COM CAPACIDADE DE 1.500 KN - FORNECIMENTO E INSTALAÇÃO | C4: UN | D4: 5208.94
A5: 308313 | B5: APARELHO DE APOIO METÁLICO ELASTOMÉRICO FIXO COM CAPACIDADE DE 10.000 KN - FORNECIMENTO E INSTALAÇÃO | C5: UN | D5: 32060.18
A6: 308309 | B6: APARELHO DE APOIO METÁLICO ELASTOMÉRICO FIXO COM CAPACIDADE DE 2.500 KN - FORNECIMENTO E INSTALAÇÃO | C6: UN | D6: 8634.05
A7: 308310 | B7: APARELHO DE APOIO METÁLICO ELASTOMÉRICO FIXO COM CAPACIDADE DE 4.000 KN - FORNECIMENTO E INSTALAÇÃO | C7: UN | D7: 11540.09
A8: 308311 | B8: APARELHO DE APOIO METÁLICO ELASTOMÉRICO FIXO COM CAPACIDADE DE 5.500 KN - FORNECIMENTO E INSTALAÇÃO | C8: UN | D8: 16369.55
A9: 308312 | B9: APARELHO DE APOIO METÁLICO ELASTOMÉRICO FIXO COM CAPACIDADE DE 7.500 KN - FORNECIMENTO E INSTALAÇÃO | C9: UN | D9: 22859.75
A10: 308307 | B10: APARELHO DE APOIO METÁLICO ELASTOMÉRICO FIXO COM CAPACIDADE DE 700 KN - FORNECIMENTO E INSTALAÇÃO | C10: UN | D10: 3103.37
A11: 308322 | B11: APARELHO DE APOIO METÁLICO ELASTOMÉRICO MULTIDIRECIONAL COM CAPACIDADE DE 1.500 KN - FORNECIMENTO E INSTALAÇÃO | C11: UN | D11: 4910.86
A12: 308327 | B12: APARELHO DE APOIO METÁLICO ELASTOMÉRICO MULTIDIRECIONAL COM CAPACIDADE DE 10.000 KN - FORNECIMENTO E INSTALAÇÃO | C12: UN | D12: 29569.3
A13: 308323 | B13: APARELHO DE APOIO METÁLICO ELASTOMÉRICO MULTIDIRECIONAL COM CAPACIDADE DE 2.500 KN - FORNECIMENTO E INSTALAÇÃO | C13: UN | D13: 7724.89
... A6495: 7107378 | B6495: TRATAMENTO SUPERFICIAL E PINTURA DO FUNDO DO FLUTUANTE | C6495: M2 | D6495: 190.02

Sheet SINAPI-SERVIÇOS-SET2025
A1: Código da Composição | B1: Descrição | C1: Unidade | D1: Custo (R$)
A2: 104658 | B2: PISO PODOTÁTIL DE ALERTA OU DIRECIONAL, DE CONCRETO, ASSENTADO SOBRE ARGAMASSA. AF_03/2024 | C2: M2 | D2: 160.03
A3: 105002 | B3: RAMPA DE ACESSIBILIDADE EM CONCRETO MOLDADO IN LOCO, EM CALÇADA NOVA COM LARGURA MAIOR OU IGUAL À 3,00 M, FCK 25MPA, COM PISO PODOTÁTIL. AF_03/2024 | C3: UN | D3: 763
A4: 105004 | B4: RAMPA DE ACESSIBILIDADE EM CONCRETO MOLDADO IN LOCO, EM CALÇADA NOVA COM LARGURA MENOR À 3,00 M, FCK 25MPA, COM PISO PODOTÁTIL. AF_03/2024 | C4: M2 | D4: 130.79
A5: 105003 | B5: RAMPA DE ACESSIBILIDADE EM CONCRETO MOLDADO IN LOCO, EM CALÇADA PRÉ EXISTENTE COM LARGURA MAIOR OU IGUAL À 3,00 M, FCK 25MPA, COM PISO PODOTÁTIL. AF_03/2024 | C5: UN | D5: 1221.06
A6: 105005 | B6: RAMPA DE ACESSIBILIDADE EM CONCRETO MOLDADO IN LOCO, EM CALÇADA PRÉ EXISTENTE COM LARGURA MENOR À 3,00 M, FCK 25MPA, COM PISO PODOTÁTIL. AF_03/2024 | C6: M2 | D6: 215.62
A7: 105006 | B7: RAMPA DE ACESSIBILIDADE EM CONCRETO PRÉ MOLDADO, EM CALÇADA NOVA COM LARGURA MAIOR OU IGUAL À 3,00 M, FCK 25MPA, COM PISO PODOTÁTIL. AF_03/2024 | C7: UN | D7: 0
A8: 104999 | B8: RAMPA DE ACESSIBILIDADE EM CONCRETO PRÉ MOLDADO, EM CALÇADA PRÉ EXISTENTE COM LARGURA MAIOR OU IGUAL À 3,00 M, FCK 25MPA, COM PISO PODOTÁTIL. AF_03/2024 | C8: UN | D8: 0
A9: 105000 | B9: RAMPA DE ACESSIBILIDADE PARA ACESSO A EDIFICAÇÕES COM INCLINAÇÃO DE 8,33% EM CONCRETO MOLDADO IN LOCO, COM LARGURA DE 1,20M, FCK 25MPA, NÃO ARMADA, COM JUNTA A CADA 2M COM CORTE À SECO. AF_03/2024 | C9: M | D9: 1692.1
A10: 105001 | B10: RAMPA DE ACESSIBILIDADE PARA ACESSO A EDIFICAÇÕES COM INCLINAÇÃO DE 8,33% EM CONCRETO MOLDADO IN LOCO, COM LARGURA DE 1,50M, FCK 25MPA, NÃO ARMADA, COM JUNTA A CADA 2M COM CORTE À SECO. AF_03/2024 | C10: M | D10: 1725.92
A11: 89306 | B11: ALVENARIA ESTRUTURAL DE BLOCOS CERÂMICOS 14X19X29, (ESPESSURA DE 14 CM), UTILIZANDO COLHER DE PEDREIRO E ARGAMASSA DE ASSENTAMENTO COM PREPARO EM BETONEIRA. AF_03/2023 | C11: M2 | D11: 101.82
A12: 89307 | B12: ALVENARIA ESTRUTURAL DE BLOCOS CERÂMICOS 14X19X29, (ESPESSURA DE 14 CM), UTILIZANDO COLHER DE PEDREIRO E ARGAMASSA DE ASSENTAMENTO COM PREPARO MANUAL. AF_03/2023 | C12: M2 | D12: 103.72
A13: 89290 | B13: ALVENARIA ESTRUTURAL DE BLOCOS CERÂMICOS 14X19X29, (ESPESSURA DE 14 CM), UTILIZANDO PALHETA E ARGAMASSA DE ASSENTAMENTO COM PREPARO EM BETONEIRA. AF_03/2023 | C13: M2 | D13: 83.99
... A9784: 103548 | B9784: VÁLVULA REDUTORA DE PRESSÃO DE FERRO FUNDIDO PARA REDE DE ÁGUA, DN 80 MM, JUNTA FLANGEADA. AF_12/2021 | C9784: UN | D9784: 0

Sheet SINAPI-INSUMOS-SET2025
A1: Código do Insumo | B1: Descrição do Insumo | C1: Unidade | D1: Origem de Preço | E1: MG
A2: 45333 | B2: ABERTURA PARA ENCAIXE DE CUBA OU LAVATORIO EM BANCADA DE MARMORE/ GRANITO OU OUTRO TIPO DE PEDRA NATURAL | C2: UN | D2: CR | E2: 116.68
A3: 11270 | B3: ABRACADEIRA DE LATAO PARA FIXACAO DE CABO PARA-RAIO, DIMENSOES 32 X 24 X 24 MM | C3: UN | D3: CR | E3: 3.33
A4: 412 | B4: ABRACADEIRA DE NYLON PARA AMARRACAO DE CABOS, COMPRIMENTO DE *230* X *7,6* MM | C4: UN | D4: CR | E4: 1.08
A5: 414 | B5: ABRACADEIRA DE NYLON PARA AMARRACAO DE CABOS, COMPRIMENTO DE 100 X 2,5 MM | C5: UN | D5: CR | E5: 0.06
A6: 410 | B6: ABRACADEIRA DE NYLON PARA AMARRACAO DE CABOS, COMPRIMENTO DE 150 X *3,6* MM | C6: UN | D6: CR | E6: 0.16
A7: 411 | B7: ABRACADEIRA DE NYLON PARA AMARRACAO DE CABOS, COMPRIMENTO DE 200 X *4,6* MM | C7: UN | D7: C | E7: 0.21
A8: 408 | B8: ABRACADEIRA DE NYLON PARA AMARRACAO DE CABOS, COMPRIMENTO DE 390 X *4,6* MM | C8: UN | D8: CR | E8: 1.04
A9: 39131 | B9: ABRACADEIRA EM ACO PARA AMARRACAO DE ELETRODUTOS, TIPO D, COM 1 1/2" E CUNHA DE FIXACAO | C9: UN | D9: CR | E9: 3.18
A10: 394 | B10: ABRACADEIRA EM ACO PARA AMARRACAO DE ELETRODUTOS, TIPO D, COM 1 1/2" E PARAFUSO DE FIXACAO | C10: UN | D10: CR | E10: 3.22
A11: 39130 | B11: ABRACADEIRA EM ACO PARA AMARRACAO DE ELETRODUTOS, TIPO D, COM 1 1/4" E CUNHA DE FIXACAO | C11: UN | D11: CR | E11: 2.9
A12: 395 | B12: ABRACADEIRA EM ACO PARA AMARRACAO DE ELETRODUTOS, TIPO D, COM 1 1/4" E PARAFUSO DE FIXACAO | C12: UN | D12: CR | E12: 3.1
A13: 39129 | B13: ABRACADEIRA EM ACO PARA AMARRACAO DE ELETRODUTOS, TIPO D, COM 1" E CUNHA DE FIXACAO | C13: UN | D13: CR | E13: 1.79
... A45: 36246 | B45: ACABAMENTO SIMPLES/CONVENCIONAL PARA FORRO PVC, TIPO "U" OU "C", COR BRANCA, COMPRIMENTO 6 M | C45: M | D45: CR | E45: 3.93
A46: 37600 | B46: ACESSORIO DE LIGACAO NAO ELETRICO PARA CARGAS EXPLOSIVAS, TUBO DE 6 M | C46: UN | D46: CR
A47: 37599 | B47: ACESSORIO INICIADOR NAO ELETRICO, TUBO DE 6 M, TEMPO DE RETARDO DE *160* MS | C47: UN | D47: CR
A48: 1 | B48: ACETILENO - RECARGA DE GAS PARA CILINDRO (NAO INCLUI TROCA/MANUTENCAO DO CILINDRO) | C48: KG | D48: C | E48: 80
A49: 3 | B49: ACIDO CLORIDRICO / ACIDO MURIATICO, DILUICAO 10% A 12% PARA USO EM LIMPEZA | C49: L | D49: CR | E49: 20.99
A50: 43054 | B50: ACO CA-25, 10,0 MM, OU 12,5 MM, OU 16,0 MM, OU 20,0 MM, OU 25,0 MM, VERGALHAO | C50: KG | D50: CR | E50: 8.21
A51: 42402 | B51: ACO CA-25, 16,0 MM, BARRA DE TRANSFERENCIA | C51: KG | D51: CR | E51: 7.85
A52: 42403 | B52: ACO CA-25, 20,0 MM, BARRA DE TRANSFERENCIA | C52: KG | D52: CR | E52: 10.06
A53: 42404 | B53: ACO CA-25, 25,0 MM, BARRA DE TRANSFERENCIA | C53: KG | D53: CR | E53: 10.01
A54: 42405 | B54: ACO CA-25, 32,0 MM, BARRA DE TRANSFERENCIA | C54: KG | D54: CR | E54: 10.66
A55: 34341 | B55: ACO CA-25, 32,0 MM, VERGALHAO | C55: KG | D55: CR | E55: 9.25
A56: 43053 | B56: ACO CA-25, 6,3 MM OU 8,0 MM, VERGALHAO | C56: KG | D56: CR | E56: 7.33
A57: 43058 | B57: ACO CA-50, 10,0 MM, OU 12,5 MM, OU 16,0 MM, OU 20,0 MM, DOBRADO E CORTADO | C57: KG | D57: CR | E57: 7.6
A58: 34 | B58: ACO CA-50, 10,0 MM, VERGALHAO | C58: KG | D58: CR | E58: 7.64
A59: 43055 | B59: ACO CA-50, 12,5 MM OU 16,0 MM, VERGALHAO | C59: KG | D59: C | E59: 6.62
... A68: 43060 | B68: ACO CA-60, 8,0 MM OU 9,5 MM, VERGALHAO | C68: KG | D68: CR | E68: 6.3
A69: 40410 | B69: ACOPLAMENTO RIGIDO EM FERRO FUNDIDO PARA SISTEMA DE TUBULACAO RANHURADA, DN 50 MM (2") | C69: UN | D69: C
A70: 40411 | B70: ACOPLAMENTO RIGIDO EM FERRO FUNDIDO PARA SISTEMA DE TUBULACAO RANHURADA, DN 65 MM (2 1/2") | C70: UN | D70: CR
A71: 40412 | B71: ACOPLAMENTO RIGIDO EM FERRO FUNDIDO PARA SISTEMA DE TUBULACAO RANHURADA, DN 80 MM (3") | C71: UN | D71: CR
A72: 44254 | B72: ADAPTADOR CPVC, ROSCAVEL, COM FLANGES E ANEL DE VEDACAO, 15 MM, CAIXA D'AGUA PARA AGUA QUENTE | C72: UN | D72: CR | E72: 31.03
A73: 44255 | B73: ADAPTADOR CPVC, ROSCAVEL, COM FLANGES E ANEL DE VEDACAO, 22 MM, CAIXA D'AGUA PARA AGUA QUENTE | C73: UN | D73: CR | E73: 34.39
A74: 44256 | B74: ADAPTADOR CPVC, ROSCAVEL, COM FLANGES E ANEL DE VEDACAO, 28 MM, CAIXA D'AGUA PARA AGUA QUENTE | C74: UN | D74: CR | E74: 38.84
A75: 44257 | B75: ADAPTADOR CPVC, ROSCAVEL, COM FLANGES E ANEL DE VEDACAO, 35 MM, CAIXA D'AGUA PARA AGUA QUENTE | C75: UN | D75: CR | E75: 61.46
A76: 44258 | B76: ADAPTADOR CPVC, ROSCAVEL, COM FLANGES E ANEL DE VEDACAO, 42 MM, CAIXA D'AGUA PARA AGUA QUENTE | C76: UN | D76: CR | E76: 70.23
A77: 44259 | B77: ADAPTADOR CPVC, ROSCAVEL, COM FLANGES E ANEL DE VEDACAO, 54 MM, CAIXA D'AGUA PARA AGUA QUENTE | C77: UN | D77: CR | E77: 96.4
A78: 37997 | B78: ADAPTADOR CPVC, SOLDAVEL, 15 MM, PARA AGUA QUENTE | C78: UN | D78: CR | E78: 18.49
A79: 37998 | B79: ADAPTADOR CPVC, SOLDAVEL, 22 MM, PARA AGUA QUENTE | C79: UN | D79: CR | E79: 24.75
A80: 55 | B80: ADAPTADOR DE COMPRESSAO EM POLIPROPILENO (PP), PARA TUBO EM PEAD, 20 MM X 1/2", PARA LIGACAO PREDIAL DE AGUA (NTS 179) | C80: UN | D80: C | E80: 6.31
A81: 61 | B81: ADAPTADOR DE COMPRESSAO EM POLIPROPILENO (PP), PARA TUBO EM PEAD, 20 MM X 3/4", PARA LIGACAO PREDIAL DE AGUA (NTS 179) | C81: UN | D81: CR | E81: 5.97
A82: 62 | B82: ADAPTADOR DE COMPRESSAO EM POLIPROPILENO (PP), PARA TUBO EM PEAD, 32 MM X 1", PARA LIGACAO PREDIAL DE AGUA (NTS 179) | C82: UN | D82: CR | E82: 12.37
A83: 10899 | B83: ADAPTADOR EM LATAO, ENGATE RAPIDO 2 1/2" X ROSCA INTERNA 5 FIOS 2 1/2", PARA INSTALACAO PREDIAL DE COMBATE A INCENDIO | C83: UN | D83: CR | E83: 68.99
... A143: 42409 | B143: AGENTE DE CURA, PROTETOR DA EVAPORACAO DA AGUA DE HIDRATACAO DO CONCRETO | C143: KG | D143: CR | E143: 10.49
A144: 40553 | B144: AGREGADO RECICLADO, TIPO RACHAO RECICLADO CINZA, CLASSE A | C144: M3 | D144: C
A145: 6114 | B145: AJUDANTE DE ARMADOR (HORISTA) | C145: H | D145: CR | E145: 8.41
A146: 40912 | B146: AJUDANTE DE ARMADOR (MENSALISTA) | C146: MES | D146: CR | E146: 1850.59
A147: 247 | B147: AJUDANTE DE ELETRICISTA (HORISTA) | C147: H | D147: CR | E147: 8.41
A148: 40919 | B148: AJUDANTE DE ELETRICISTA (MENSALISTA) | C148: MES | D148: CR | E148: 1850.59
A149: 44499 | B149: AJUDANTE DE ESTRUTURAS METALICAS (HORISTA) | C149: H | D149: CR | E149: 8.41
A150: 40984 | B150: AJUDANTE DE ESTRUTURAS METALICAS (MENSALISTA) | C150: MES | D150: CR | E150: 1850.59
A151: 248 | B151: AJUDANTE DE OPERACAO EM GERAL (HORISTA) | C151: H | D151: CR | E151: 9.11
A152: 41086 | B152: AJUDANTE DE OPERACAO EM GERAL (MENSALISTA) | C152: MES | D152: CR | E152: 2005.7
A153: 34466 | B153: AJUDANTE DE PINTOR (HORISTA) | C153: H | D153: CR | E153: 8.41
A154: 41083 | B154: AJUDANTE DE PINTOR (MENSALISTA) | C154: MES | D154: CR | E154: 1850.59
A155: 252 | B155: AJUDANTE DE SERRALHEIRO (HORISTA) | C155: H | D155: CR | E155: 8.41
A156: 40909 | B156: AJUDANTE DE SERRALHEIRO (MENSALISTA) | C156: MES | D156: CR | E156: 1850.59
... A158: 41085 | B158: AJUDANTE ESPECIALIZADO (MENSALISTA) | C158: MES | D158: CR | E158: 2005.7
A159: 427 | B159: ALCA PREFORMADA DE CONTRA POSTE, EM ACO GALVANIZADO, PARA CABO 3/16", COMPRIMENTO *860* MM | C159: UN | D159: CR
A160: 417 | B160: ALCA PREFORMADA DE DISTRIBUICAO, EM ACO GALVANIZADO, PARA CABO DE ALUMINIO DIAMETRO 16 A 25 MM | C160: UN | D160: CR
A161: 11273 | B161: ALCA PREFORMADA DE DISTRIBUICAO, EM ACO GALVANIZADO, PARA CONDUTORES DE ALUMINIO AWG 1/0 (CAA 6/1 OU CA 7 FIOS) | C161: UN | D161: CR
A162: 11272 | B162: ALCA PREFORMADA DE DISTRIBUICAO, EM ACO GALVANIZADO, PARA CONDUTORES DE ALUMINIO AWG 2 (CAA 6/1 OU CA 7 FIOS) | C162: UN | D162: CR
A163: 11275 | B163: ALCA PREFORMADA DE SERVICO, EM ACO GALVANIZADO, PARA CONDUTORES DE ALUMINIO AWG 4 (CAA 6/1) | C163: UN | D163: CR
A164: 11274 | B164: ALCA PREFORMADA DE SERVICO, EM ACO GALVANIZADO, PARA CONDUTORES DE ALUMINIO AWG 6 (CAA 6/1) | C164: UN | D164: CR
A165: 45208 | B165: ALICATE AMPERIMETRO, TENSAO AC/DC, CAPACIDADE MAXIMA 1000 A | C165: UN | D165: CR | E165: 261.33
A166: 45250 | B166: ALICATE BICO LONGO (MEIA CANA) 6", COM ISOLAMENTO ATE 1000 V | C166: UN | D166: CR | E166: 43.15
A167: 38470 | B167: ALICATE DE CORTE DIAGONAL 6" COM ISOLAMENTO | C167: UN | D167: CR | E167: 44.17
A168: 38547 | B168: ALICATE DE CRIMPAR RJ11, RJ12 E RJ45, COM CATRACA | C168: UN | D168: CR | E168: 293.23
A169: 38467 | B169: ALICATE DE PRESSAO 11" PARA SOLDA, TIPO C | C169: UN | D169: CR | E169: 148.35
A170: 38468 | B170: ALICATE DE PRESSAO 11" PARA SOLDA, TIPO U | C170: UN | D170: CR | E170: 185.18
A171: 38469 | B171: ALICATE DE PRESSAO PARA SOLDA DE CHAPA 18" | C171: UN | D171: CR | E171: 279.99
A172: 45197 | B172: ALICATE DESENCAPADOR AUTOMATICO 8" | C172: UN | D172: CR | E172: 223.3
A173: 38471 | B173: ALICATE PARA ANEIS DE PISTAO, CAPACIDADE *50* A 100 MM | C173: UN | D173: CR | E173: 299.45
A174: 45206 | B174: ALICATE PROFISSIONAL 8", UNIVERSAL, COM ISOLAMENTO ATE 1000 V | C174: UN | D174: CR | E174: 59.16
A175: 37370 | B175: ALIMENTACAO - HORISTA (COLETADO CAIXA - ENCARGOS COMPLEMENTARES) | C175: H | D175: C | E175: 2.12
A176: 40862 | B176: ALIMENTACAO - MENSALISTA (COLETADO CAIXA - ENCARGOS COMPLEMENTARES) | C176: MES | D176: C | E176: 399.66
A177: 10658 | B177: ALISADORA DE CONCRETO COM MOTOR A GASOLINA DE 5,5 HP, PESO COM MOTOR DE 78 KG, 4 PAS | C177: UN | D177: C
A178: 253 | B178: ALMOXARIFE (HORISTA) | C178: H | D178: C | E178: 11.54
A179: 40809 | B179: ALMOXARIFE (MENSALISTA) | C179: MES | D179: CR | E179: 2538.8
A180: 42428 | B180: ALONGADOR COM TRES ALTURAS, EM TUBO DE ACO CARBONO, PINTURA NO PROCESSO ELETROSTATICO - EQUIPAMENTO DE GINASTICA PARA ACADEMIA AO AR LIVRE / ACADEMIA DA TERCEIRA IDADE - ATI | C180: UN | D180: C
A181: 301 | B181: ANEL BORRACHA PARA TUBO ESGOTO PREDIAL, DN 100 MM (NBR 5688) | C181: UN | D181: C | E181: 3
A182: 296 | B182: ANEL BORRACHA PARA TUBO ESGOTO PREDIAL, DN 50 MM (NBR 5688) | C182: UN | D182: CR | E182: 1.69
A183: 297 | B183: ANEL BORRACHA PARA TUBO ESGOTO PREDIAL, DN 75 MM (NBR 5688) | C183: UN | D183: CR | E183: 2.49
A184: 299 | B184: ANEL BORRACHA, DN 100 MM, PARA TUBO SERIE REFORCADA ESGOTO PREDIAL | C184: UN | D184: CR | E184: 3.52
A185: 300 | B185: ANEL BORRACHA, DN 150 MM, PARA TUBO SERIE REFORCADA ESGOTO PREDIAL | C185: UN | D185: CR | E185: 12.18
A186: 20085 | B186: ANEL BORRACHA, DN 50 MM, PARA TUBO SERIE REFORCADA ESGOTO PREDIAL | C186: UN | D186: CR | E186: 2.22
A187: 298 | B187: ANEL BORRACHA, DN 75 MM, PARA TUBO SERIE REFORCADA ESGOTO PREDIAL | C187: UN | D187: CR | E187: 2.7
A188: 311 | B188: ANEL BORRACHA, PARA TUBO PVC DEFOFO, DN 100 MM (NBR 7665) | C188: UN | D188: CR | E188: 10.04
A189: 318 | B189: ANEL BORRACHA, PARA TUBO PVC DEFOFO, DN 150 MM (NBR 7665) | C189: UN | D189: CR | E189: 20.22
A190: 319 | B190: ANEL BORRACHA, PARA TUBO PVC DEFOFO, DN 200 MM (NBR 7665) | C190: UN | D190: CR | E190: 31.71
A191: 303 | B191: ANEL BORRACHA, PARA TUBO PVC, REDE COLETOR ESGOTO, DN 100 MM (NBR 7362) | C191: UN | D191: CR | E191: 3.32
A192: 305 | B192: ANEL BORRACHA, PARA TUBO PVC, REDE COLETOR ESGOTO, DN 150 MM (NBR 7362) | C192: UN | D192: CR | E192: 10.45
... A212: 41639 | B212: ANEL DE CONCRETO ARMADO, COM FUROS/DRENO PARA SUMIDOURO, D = 1,50 M, H = 0,50 M | C212: UN | D212: CR | E212: 472.96
A213: 11789 | B213: ANEL DE DISTRIBUICAO EM ACO GALVANIZADO PARA FIO FE-160 | C213: UN | D213: CR
A214: 20975 | B214: ANEL DE EXPANSAO EM COBRE, ENGATE RAPIDO 1 1/2", PARA EMPATACAO MANGUEIRA DE COMBATE A INCENDIO PREDIAL | C214: UN | D214: CR | E214: 10.82
A215: 20976 | B215: ANEL DE EXPANSAO EM COBRE, ENGATE RAPIDO 2 1/2", PARA EMPATACAO MANGUEIRA DE COMBATE A INCENDIO PREDIAL | C215: UN | D215: CR | E215: 16.34
A216: 6138 | B216: ANEL DE VEDACAO, PVC FLEXIVEL, 100 MM, PARA SAIDA DE BACIA / VASO SANITARIO | C216: UN | D216: CR | E216: 12.3
A217: 40340 | B217: ANEL DE VEDACAO/JUNTA ELASTICA, H = *16* MM, PARA TUBO DE CONCRETO, DN 300 MM | C217: UN | D217: CR | E217: 22.07
A218: 40341 | B218: ANEL DE VEDACAO/JUNTA ELASTICA, H = *16* MM, PARA TUBO DE CONCRETO, DN 400 MM | C218: UN | D218: CR | E218: 26.34
...

Sheet SUDECAP-SERV-JULHO2025
A1: CÓDIGO | B1: DESCRICAO | C1: UND | D1: VALOR
A2: 01 | B2: INSTALAÇÃO DA OBRA
A3: 01.01 | B3: ESCRITÓRIO DE OBRA
A4: 01.01.13 | B4: LAVABO | C4: UN | D4: 3367.4
A5: 01.01.20 | B5: ESCRITÓRIO DA CONTRATADA - ATÉ 15M2 | C5: M2 | D5: 550.87
A6: 01.01.21 | B6: ESCRITÓRIO DA CONTRATADA - ATÉ 22M2 | C6: M2 | D6: 507.4
A7: 01.01.22 | B7: ESCRITÓRIO DA FISCALIZAÇÃO - ATÉ 15M2 | C7: M2 | D7: 550.87
A8: 01.01.23 | B8: ESCRITÓRIO DA FISCALIZAÇÃO - ATÉ 22M2 | C8: M2 | D8: 507.4
A9: 01.02 | B9: BARRACÃO DE OBRA
A10: 01.02.10 | B10: ÁREA COBERTA EM TELHA DE FIBROCIMENTO | C10: M2 | D10: 118.11
A11: 01.02.30 | B11: VESTIÁRIO PARA ATÉ 20 PESSOAS | C11: M2 | D11: 333.35
A12: 01.02.31 | B12: VESTIÁRIO PARA ATÉ 30 PESSOAS | C12: M2 | D12: 310.23
A13: 01.02.32 | B13: VESTIÁRIO PARA ATÉ 40 PESSOAS | C13: M2 | D13: 294.76
A14: 01.02.35 | B14: DEPÓSITO E FERRAMENTARIA - ATÉ 15 M2 | C14: M2 | D14: 492.17
A15: 01.02.36 | B15: DEPÓSITO E FERRAMENTARIA - ATÉ 26M2 | C15: M2 | D15: 436.59
A16: 01.02.37 | B16: DEPÓSITO E FERRAMENTARIA - ATÉ 33M2 | C16: M2 | D16: 423.27
A17: 01.02.38 | B17: DEPÓSITO DE MATERIAIS ENSACADOS - ATÉ 15 M2 | C17: M2 | D17: 397.93
A18: 01.02.40 | B18: REFEITÓRIO - ATÉ 19M2 | C18: M2 | D18: 459.51
A19: 01.02.41 | B19: REFEITÓRIO- ATÉ 26M2 | C19: M2 | D19: 443.91
A20: 01.02.45 | B20: INSTALAÇÃO SANITÁRIA / VESTIÁRIO PARA ATÉ 4 PESSOAS | C20: M2 | D20: 665.24
A21: 01.02.46 | B21: INSTALAÇÃO SANITÁRIA - ATÉ 15M2 | C21: M2 | D21: 588.47
... A23: 01.02.48 | B23: INSTALAÇÃO SANITÁRIA - ATÉ 33M2 | C23: M2 | D23: 524.09
A24: 01.03 | B24: PLACA DE OBRA AFIXADA COM PEÇAS DE MADEIRA
A25: 01.03.01 | B25: PLACA DE OBRA 3,0 X 2,0M EM LONA IMPRESSÃO DIGITAL PADRÃO SUDECAP | C25: UN | D25: 2360.52
A26: 01.03.02 | B26: PLACA DE OBRA EM LONA IMPRESSÃO DIGITAL PADRÃO SUDECAP | C26: M2 | D26: 323.1
A27: 01.03.03 | B27: PLACA DE OBRA EM CHAPA GALVANIZADA ADESIVADA, DIMENSÕES 2,40 X 1,20 M, PADRÃO CEF | C27: M2 | D27: 455.04
A28: 01.04 | B28: TAPUME PADRÃO SUDECAP
A29: 01.04.01 | B29: TAPUME PADRÃO SUDECAP, DE COMPENSADO 10MM, COM FIXAÇÃO ENTERRADA | C29: M | D29: 110.06
A30: 01.04.03 | B30: TAPUME PADRÃO SUDECAP DE COMPENSADO 10MM COM BASE DE CONCRETO | C30: M | D30: 116.04
A31: 01.04.05 | B31: INFORME PUBLICITÁRIO, LONA IMPRESSÃO DIGITAL APLICADO EM TAPUME | C31: M2 | D31: 74.19
A32: 01.04.06 | B32: TAPUME PADRÃO SUDECAP DE TELA GALVANIZADA #2" FIO 14 COM FIXAÇAO ENTERRADA | C32: M | D32: 68.04
A33: 01.04.07 | B33: TAPUME PADRÃO SUDECAP DE TELA GALVANIZADA #2" FIO 14 COM BASE DE CONCRETO | C33: M | D33: 71.13
A34: 01.04.09 | B34: TELA - TAPUME DE POLIPROPILENO H=1,20 M, INCLUSIVE BASE | C34: M | D34: 12.48
A35: 01.04.10 | B35: PROTEÇAO COM FITA ZEBRADA AMARELA L=7CM E PEÇA 7X7 | C35: M | D35: 9.81
A36: 01.04.11 | B36: FITA ZEBRADA AMARELA PARA SINALIZAÇAO L= 7CM | C36: M | D36: 3.77
A37: 01.04.16 | B37: TAPUME METÁLICO COM BASE DE CONCRETO (M) | C37: M | D37: 113.4
A38: 01.04.17 | B38: TAPUME METÁLICO COM BASE ENTERRADA (M) | C38: M | D38: 100.14
A39: 01.04.18 | B39: TAPUME METÁLICO COM TELA E BASE DE CONCRETO (M) | C39: M | D39: 128.08
A40: 01.04.19 | B40: TAPUME METÁLICO COM TELA E BASE ENTERRADA (M) | C40: M | D40: 114.78
A41: 01.04.20 | B41: REMANEJAMENTO DE TAPUME | C41: M | D41: 9.77
A42: 01.06 | B42: INSTALAÇÃO PROVISÓRIA - CONCESSIONÁRIA
A43: 01.06.01 | B43: PADRÃO CEMIG PROVISÓRIO TIPO C3, DEMANDA PROVÁVEL DE 23,1 ATÉ 27,0KW (3F+N) | C43: UN | D43: 702.2
A44: 01.06.05 | B44: PADRÃO COPASA - KIT CAVALETE METAL E REGISTRO 3/4" | C44: UN | D44: 401.54
A45: 01.07 | B45: FOSSA E SUMIDOURO
A46: 01.07.02 | B46: FOSSA SÉPTICA E SUMIDOURO DN= 1,20M H= 4,00M | C46: UN | D46: 5489.07
A47: 01.08 | B47: REDE INTERNA E PROVISÓRIA DE ÁGUA E ESGOTO
A48: 01.08.01 | B48: REDE INTERNA E PROVISÓRIA DE ÁGUA E ESGOTO TUBO PVC D= 100MM | C48: M | D48: 20.41
A49: 01.08.02 | B49: REDE INTERNA E PROVISÓRIA DE ÁGUA E ESGOTO TUBO PVC D= 150MM | C49: M | D49: 48.17
A50: 01.08.03 | B50: REDE INTERNA E PROVISÓRIA DE ÁGUA E ESGOTO TUBO PVC D= 200MM | C50: M | D50: 88.1
A51: 01.08.04 | B51: REDE INTERNA E PROVISÓRIA DE ÁGUA E ESGOTO TUBO PVC D= 250MM | C51: M | D51: 104.8
A52: 01.08.20 | B52: REDE INTERNA E PROVISÓRIA DE ÁGUA E ESGOTO TUBO PVC ÁGUA SOLDA E CONEXÕES D= 20MM (1/2") | C52: M | D52: 6.95
A53: 01.08.21 | B53: REDE INTERNA E PROVISÓRIA DE ÁGUA E ESGOTO TUBO PVC ÁGUA SOLDA E CONEXÕES D= 25MM (3/4") | C53: M | D53: 7.38
A54: 01.09 | B54: CONTAINER 6,0X2,40X2,82 M COM ISOLAMENTO TÉRMICO
A55: 01.09.01 | B55: MOBILIZAÇÃO DE CONTAINER | C55: UN | D55: 1400
A56: 01.09.02 | B56: CONTAINER SIMPLES COM AR CONDICIONADO PARA ESCRITÓRIO | C56: MES | D56: 1250
A57: 01.09.03 | B57: CONTAINER COM SANITÁRIO E AR CONDICIONADO PARA ESCRITÓRIO | C57: MES | D57: 1750
A58: 01.09.11 | B58: DESMOBILIZAÇÃO DE CONTAINER | C58: UN | D58: 1400
A59: 01.09.12 | B59: INSTALAÇÕES DE MOBILIÁRIOS PARA CONTAINER TIPO ESCRITÓRIO COM SANITÁRIO | C59: UN | D59: 517.03
A60: 01.09.14 | B60: INSTALAÇÕES DE MOBILIÁRIOS PARA CONTAINER TIPO REFEITÓRIO | C60: UN | D60: 199.68
A61: 01.09.15 | B61: INSTALAÇÕES DE MOBILIÁRIOS PARA CONTAINER TIPO DEPÓSITO E FERRAMENTARIA COM LAVATÓRIO | C61: UN | D61: 1058.51
A62: 01.09.17 | B62: INSTALAÇÕES DE MOBILIÁRIOS PARA CONTAINER TIPO ESCRITÓRIO SEM SANITÁRIO | C62: UN | D62: 665.48
A63: 01.09.18 | B63: CONTAINER VESTIÁRIO TIPO I | C63: MES | D63: 1200
A64: 01.09.19 | B64: CONTAINER VESTIÁRIO TIPO II | C64: MES | D64: 2400
A65: 01.09.20 | B65: CONTAINER VESTIÁRIO TIPO III | C65: MES | D65: 3600
A66: 01.09.21 | B66: CONTAINER SIMPLES | C66: MES | D66: 1000
... A72: 01.09.27 | B72: CONTAINER PARA 2 VESTIÁRIOS E SANITÁRIOS | C72: MES | D72: 1800
A73: 01.10 | B73: BANHEIRO QUÍMICO
A74: 01.10.01 | B74: BANHEIRO QUÍMICO 110 X 120 X 230CM COM MANUTENÇÃO | C74: MES | D74: 1180
A75: 01.10.02 | B75: BANHEIRO QUÍMICO E REBOQUE PARA TRANSPORTE DE BANHEIRO QUÍMICO | C75: MES | D75: 1595.15
A76: 01.11 | B76: SINALIZAÇÃO
A77: 01.11.01 | B77: PLACA 1,0 X 0,60M DUPLA FACE CHAPA GALVANIZADA 26 EM CAVALETE | C77: UNMES | D77: 25.05
A78: 01.11.02 | B78: PLACA 1,0 X 0,60M CHAPA 26 EM CAVALETE METALON 20 X 20MM | C78: UNMES | D78: 18.45
A79: 01.11.03 | B79: PLACA 0,50 X 0,50M DUPLA FACE CHAPA GALVANIZADA 22 EM CAVALETE | C79: UNMES | D79: 19.45
A80: 01.11.04 | B80: PLACA 0,50 X 0,50M CHAPA GALVANIZADA 22 CAVALETE METALON 20 X 20 | C80: UNMES | D80: 15.65
A81: 01.11.05 | B81: INSTALAÇÃO DE FAIXA MORIM 6,00M X 0,80M EM TECIDO COMUM E EUCALIPTO | C81: UN | D81: 143.75
A82: 01.11.06 | B82: SINALIZAÇÃO COM CONE MASTER 75CM BASE DE BORRACHA CORPO POLIETILENO | C82: UN | D82: 76.91
A83: 01.11.07 | B83: SINALIZAÇÃO COM CONE EM PVC H= 75CM | C83: UN | D83: 33.07
A84: 01.11.08 | B84: SINALIZADOR MONOLIGHT LED 60 A 70 FLASHES/MINUTO | C84: UN | D84: 77.16
A85: 01.12 | B85: VISTORIA CAUTELAR
A86: 01.12.01 | B86: VISTORIA CAUTELAR - ÁREA CONSTRUÍDA <= 100M2 | C86: UN | D86: 393.13
A87: 01.12.02 | B87: VISTORIA CAUTELAR - 101M2 < ÁREA CONSTRUÍDA <= 200M2 | C87: UN | D87: 490.96
A88: 01.12.03 | B88: VISTORIA CAUTELAR - 201M2 < ÁREA CONSTRUÍDA <= 500M2 | C88: UN | D88: 653.7
A89: 01.12.04 | B89: VISTORIA CAUTELAR - 501M2 < ÁREA CONSTRUÍDA <= 2000M2 | C89: UN | D89: 951.16
A90: 01.12.05 | B90: VISTORIA CAUTELAR - 2001M2 < ÁREA CONSTRUÍDA <= 7000M2 | C90: UN | D90: 1591.95
A91: 01.12.06 | B91: VISTORIA CAUTELAR - ÁREA CONSTRUÍDA > 7001M2 | C91: UN | D91: 2237.23
A92: 01.13 | B92: GERENCIAMENTO DE RESÍDUOS DA CONSTRUÇÃO CIVIL
A93: 01.13.01 | B93: BAIA SIMPLES PARA RESÍDUOS DA CONSTRUÇÃO CIVIL | C93: UN | D93: 1655.24
A94: 01.13.02 | B94: BAIA DUPLA PARA RESÍDUOS DA CONSTRUÇÃO CIVIL | C94: UN | D94: 2830.55
A95: 01.13.03 | B95: PLACA IDENTIFCAÇÃO RESÍDUOS-PGRCC, CONFORME RESOLUÇÃO CONAMA-RDC Nº 275/01,EM LONA (BANNER), (30X30)CM | C95: UN | D95: 57.42
A97: 01.13.04 | B97: FORNECIMENTO DE BIG BAG PARA RESÍDUOS COMUNS - CAPACIDADE APROXIMADA 1M3, PADRÃO CLUB FARM OU EQUIVALENTE | C97: UN | D97: 73.9
A99: 01.13.05 | B99: FORNECIMENTO LIXEIRA PLÁSTICA COM TAMPA VAI-VEM - 100 LITROS, PADRÃO Q100 WEBPLÁSTICO OU EQUIVALENTE | C99: UN | D99: 146.17
A100: 01.13.06 | B100: FORNECIMENTO DE LONA REFORÇADA DE POLIETILENO PARA COBERTURA DE CAÇAMBA (4Mx4M), 600 MICRA | C100: UN | D100: 119.89
A101: 01.13.07 | B101: FORNECIMENTO DE BOMBONA BOCA LARGA PARA RESÍDUOS CLASSE B - 100 LITROS | C101: UN | D101: 330.3
A102: 01.14 | B102: SERVIÇOS AUXILIARES DE INSTALAÇÃO DE OBRA
A103: 01.14.01 | B103: PORTA EM COMPENSADO RESINADO 10MM 80X210CM | C103: UN | D103: 113.73
A104: 01.14.02 | B104: CONJUNTO MESA (130X60CM) E 2 BANCOS (130X40CM) EM MADEIRITE | C104: CJ | D104: 404.79
A105: 01.14.03 | B105: BANCO (130X40CM) EM MADEIRITE, PARA VESTIARIO | C105: UN | D105: 117.09
A106: 01.14.04 | B106: MAPOTECA PARA PROJETO 1,40X1,10X1,40M E PEÇA 8X8 CM | C106: UN | D106: 175.48
A107: 01.14.05 | B107: JANELA DE CORRER DE FERRO 1x1/8", AREA > 1,0 M2 | C107: UN | D107: 428.1
A108: 01.14.06 | B108: BANCO (200 X 35CM) EM MADEIRITE, PARA VESTIÁRIO | C108: UN | D108: 140.89
...

Sheet SUDECAP_INSUMOS_JULHO2025
A1: CÓDIGO | B1: DESCRICAO | C1: UND | D1: VALOR
A2: 54.01.01 | B2: POLIDORA DE PISO, 100KG, D=450MM, MOTOR ELÉTRICO 4HP (LOCAÇÃO) | C2: H | D2: 18.25
A3: 54.01.08 | B3: VIBROACABADORA DE ASFALTO SOBRE ESTEIRAS, LARGURA DE PAVIMENTO 2,13 M A 4,55 M POTÊNCIA. 74 KW/100 HP, CAPACIDADE 400 T/H OU EQUIVALENTE | C3: UN | D3: 1600026.3
A4: 54.01.38 | B4: MINI-CARREGADEIRA DE PNEUS 61HP COM VASSOURA DE 1500MM OU EQUIVALENTE | C4: UN | D4: 337000
A5: 54.01.40 | B5: FRESADORA DE ASFALTO A FRIO SOBRE RODAS, LARGURA DE FRESAGEM 1,00 M, POTÊNCIA 155 KW/208 HP OU EQUIVALENTE | C5: UN | D5: 2332792
A6: 54.01.70 | B6: VASSOURA MECÂNICA REBOCÁVEL COM ESCOVA CILÍNDRICA LARGURA ÚTIL DE VARRIMENTO = 2,44M OU EQUIVALENTE | C6: UN | D6: 68683.67
A7: 54.04.12 | B7: BATE ESTACA DE QUEDA SIMPLES, SOBRE ROLO, MOTOR A DIESEL, COM MARTELO DE 0,6 A 0,8T | C7: UN | D7: 129967.34
A8: 54.05.10 | B8: BETONEIRA CAPACIDADE NOMINAL 400 L, CAPACIDADE DE MISTURA 280 L, MOTOR ELETRICO TRIFASICO 220/380 V POTENCIA 2 CV, SEM CARREGADOR | C8: UN | D8: 5519
A9: 54.06.02 | B9: BOMBA HIDRÁULICA SUBMERSÍVEL 2" 36 M3/H COM 20M DE MANGUEIRA | C9: UN | D9: 6148
A10: 54.06.04 | B10: BOMBA HIDRÁULICA SUBMERSÍVEL 3" 72 M3/H COM 20M DE MANGUEIRA | C10: UN | D10: 7150
A11: 54.10.10 | B11: CAMINHÃO TOCO, PESO BRUTO TOTAL 10.000 KG, CARGA ÚTIL MÁXIMA 7.200 KG, DISTÂNCIA ENTRE EIXOS 4,50 M, POTÊNCIA 190 CV (INCLUI CABINE E CHASSI, NÃO INCLUI CARROCERIA) OU EQUIVALENTE | C11: UN | D11: 477320.16
A12: 54.10.12 | B12: CAMINHÃO TOCO, PESO BRUTO TOTAL 15.000 KG, CARGA ÚTIL MÁXIMA 9.800 KG, DISTÂNCIA ENTRE EIXOS 5,00 M, POTÊNCIA 200 CV (INCLUI CABINE E CHASSI, NÃO INCLUI CARROCERIA) OU EQUIVALENTE | C12: UN | D12: 526704.47
A13: 54.10.80 | B13: GUINDASTE ARTICULADO COM CAPACIDADE MÁXIMA DE 3300KG E ALCANCE MÁXIMO HORIZONTAL DE 9 METROS OU EQUIVALENTE | C13: UN | D13: 129900
... A1551: 97.02.06 | B1551: DETERMINAÇÃO DA MASSA ESPECÍFICA DE AGREGADOS MIUDOS POR MEIO DO FRASCO CHAPMAN (DNER-ME 194/98) | C1551: UN | D1551: 980
